 Dungeon Crawl Stone Soup version 0.31-a0-728-g01b46875f1 (webtiles) character file.

Game seed: 13271492741802499496

1322382 scionoferis the Eviscerator (level 27, 130/130 HPs)
             Began as a Felid Shapeshifter on Sept 8, 2023.
             Was an Initiate of Gozag.
             Escaped with the Orb
             ... and 3 runes on Sept 11, 2023!
             The game lasted 08:44:16 (127369 turns).

scionoferis the Eviscerator (Felid Shapeshifter)  Turns: 127369, Time: 08:44:17

Health: 130/130    AC: 12    Str: 19    XL:     27
Magic:  51/51      EV: 53    Int: 29    God:    Gozag
Gold:   7658       SH:  0    Dex: 20    Spells: 5/54 levels left
                                        Lives:  2   Deaths: 7

rFire   + +          .
                       - Unarmed
rCold   . . .        (shield unavailable)
rNeg    + . .        (body armour unavailable)
rPois   ∞            (helmet unavailable)
rElec   +            (cloak unavailable)
rCorr   .            (gloves unavailable)
SInv    +            (boots unavailable)
Will    +++++        y - amulet of Asen {Regen+ Str+5 Slay+2}
Stlth   ++           M - ring "Xoduam" {rF+ rN+ Will+ Int+5}
HPRegen 1.21/turn    r - ring of the Red Skies {rElec rF+ MP+9 Int+5}
MPRegen 0.32/turn

%: no passive effects
@: storm-form, flying
A: cleaving, insubstantial, flying, very small, (claws 1), (fangs 3), see
invisible, (speed 1), (shaggy fur 3), (stealthy paws), no weapons or thrown
items, no armour, multi-lived, deterioration 1, strong 1, inability to read
after injury 1, MP-powered wands
0: Orb of Zot
}: 3/15 runes: decaying, serpentine, slimy
a: Blinkbolt, Begin Untransformation, Renounce Religion, Potion Petition, Call
Merchant, Bribe Branch


You escaped.
You worshipped Gozag.
Gozag was greatly pleased with you.
You were a lightning-filled tempest!
You visited 12 branches of the dungeon, and saw 55 of its levels.
You also visited: Sewer, Volcano, Wizlab and Desolation.

You collected 32016 gold pieces.
You spent 6114 gold pieces at shops.
You paid 18244 gold pieces to Gozag.


Innate Abilities, Weirdness & Mutations

You are a lightning-filled tempest!
Your electrical attacks strike out in all directions at once.
You are incredibly evasive.
Your insubstantial body is immune to petrification, constriction, and being set on fire You are flying.
You are immune to poison.
((You have sharp claws.))
((You have razor-sharp teeth.))
You have supernaturally acute eyesight. (SInv)
((You cover ground quickly. (Speed+)))
((Your thick and shaggy fur keeps you warm. (AC +3, rC+)))
((Your paws help you pounce on unaware monsters.))
You are incapable of wielding weapons or throwing items.
You cannot wear armour.
You gain extra lives every three experience levels.
Your body sometimes deteriorates upon taking damage.
Your muscles are strong. (Str +4, Int/Dex -1)
You occasionally lose the ability to read scrolls when taking damage.
You expend magic power (3 MP) to strengthen your wands.


   Skills:
 - Level 18.0 Fighting
 - Level 18.0 Dodging
 - Level 15.0 Stealth
 + Level 24.0 Unarmed Combat
 * Level 14.2 Spellcasting
 + Level 21.3 Summonings
 - Level 15.0 Translocations
 - Level 4.0 Ice Magic
 - Level 5.0 Air Magic
 + Level 17.1 Evocations
 - Level 23.2 Shapeshifting


You had 5 spell levels left.
You knew the following spells:

 Your Spells              Type           Power      Damage    Failure   Level
a - Malign Gateway        Summ/Tloc      45%        N/A       1%          7
b - Summon Horrible Thin  Summ           48%        N/A       2%          8
c - Blink                 Tloc           100%       N/A       0%          2
d - Passage of Golubria   Tloc           82%        N/A       1%          4
e - Manifold Assault      Tloc           82%        N/A       1%          4
f - Summon Cactus Giant   Summ           48%        N/A       1%          6
g - Summon Lightning Spi  Summ/Air       77%        N/A       1%          4
h - Apportation           Tloc           100%       N/A       0%          1
i - Passwall              Tmut/Erth      16%        N/A       3%          2
j - Vhi's Electric Charg  Tloc/Air       100%       N/A       1%          4
k - Summon Hydra          Summ           48%        N/A       1%          7

Your spell library contained the following spells:

 Spells                   Type           Power      Damage    Failure   Level
 Summon Small Mammal      Summ           100%       N/A       0%          1
 Call Imp                 Summ           100%       N/A       0%          2
 Lesser Beckoning         Tloc           100%       N/A       0%          2
 Gell's Gravitas          Tloc           82%        N/A       0%          3
 Teleport Other           Tloc           82%        N/A       0%          3
 Freeze                   Ice            100%       1d10      1%          1
 Shock                    Conj/Air       100%       1d9       1%          1
 Cigotuvi's Dreadful Rot  Necr/Pois/Air  60%        N/A       1%          2
 Ensorcelled Hibernation  Hex/Ice        64%        N/A       1%          2
 Momentum Strike          Conj/Tloc      100%       3d10      1%          2
 Poisonous Vapours        Pois/Air       70%        N/A       1%          2
 Static Discharge         Conj/Air       70%        2-5/arc   1%          2
 Frozen Ramparts          Ice            86%        1d13      1%          3
 Ozocubu's Armour         Ice            43%        N/A       1%          3
 Summon Guardian Golem    Hex/Summ       70%        N/A       1%          3
 Swiftness                Air            49%        N/A       1%          3
 Iskenderun's Mystic Bla  Conj/Tloc      59%        2d12      1%          4
 Summon Ice Beast         Ice/Summ       76%        N/A       1%          4
 Summon Forest            Summ/Tloc      45%        N/A       1%          5
 Summon Mana Viper        Hex/Summ       70%        N/A       1%          5
 Kiss of Death            Conj/Necr      80%        2d11      2%          1
 Magic Dart               Conj           80%        1d7       2%          1
 Necrotise                Necr           80%        1d8       2%          1
 Sandblast                Erth           40%        2d10      2%          1
 Slow                     Hex            80%        N/A       2%          1
 Sting                    Tmut/Pois      80%        1d7       2%          1
 Jinxbite                 Hex            40%        N/A       3%          2
 Searing Ray              Conj           40%        2d5       3%          2
 Wereblood                Tmut           20%        N/A       3%          2
 Hailstorm                Conj/Ice       32%        3d8       3%          3
 Mephitic Cloud           Conj/Pois/Air  30%        N/A       3%          3
 Airstrike                Air            24%        2d(4-20)  3%          4
 Confusing Touch          Hex            20%        N/A       8%          3
 Ignite Poison            Fire/Tmut/Pois 20%        N/A       8%          3
 Stone Arrow              Conj/Erth      40%        3d9       8%          3
 Tukima's Dance           Hex            20%        N/A       8%          3
 Vampiric Draining        Necr           20%        2d7       8%          3
 Freezing Cloud           Conj/Ice/Air   19%        6-21      21%         5
 Anguish                  Hex/Necr       10%        N/A       24%         4
 Dispel Undead            Necr           20%        3d11      24%         4
 Fulminant Prism          Conj/Hex       10%        3d8       24%         4
 Leda's Liquefaction      Hex/Erth       10%        N/A       24%         4
 Olgreb's Toxic Radiance  Pois           20%        N/A       24%         4
 Petrify                  Tmut/Erth      20%        N/A       24%         4
 Sticky Flame             Conj/Fire      20%        2d4       24%         4
 Silence                  Hex/Air        17%        N/A       24%         5
 Metabolic Englaciation   Hex/Ice        16%        N/A       30%         5
 Agony                    Necr           20%        N/A       56%         5
 Alistair's Intoxication  Tmut/Pois      13%        N/A       56%         5
 Borgnjor's Vile Clutch   Necr/Erth      10%        N/A       56%         5
 Fireball                 Conj/Fire      10%        3d6       56%         5
 Irradiate                Conj/Tmut      10%        3d15      56%         5
 Iskenderun's Battlesphe  Conj           20%        2d7       56%         5
 Lee's Rapid Deconstruct  Erth           10%        3d8*      56%         5
 Yara's Violent Unravell  Hex/Tmut       10%        3d6       56%         5
 Dispersal                Tloc           41%        N/A       1%          6
 Haunt                    Necr/Summ      35%        N/A       26%         7
 Disjunction              Tloc           41%        N/A       34%         8
 Conjure Ball Lightning   Conj/Air       17%        3x3d6     80%         6
 Death Channel            Necr           10%        N/A       98%         6
 Eringya's Noxious Bog    Tmut/Pois      10%        4d6       98%         6
 Ozocubu's Refrigeration  Ice            21%        4d12      99%         7
 Orb of Destruction       Conj           10%        9d6       100%        7
 Discord                  Hex            10%        N/A       100%        8
 Ignition                 Fire           10%        3d5       100%        8
 Infestation              Necr           10%        N/A       100%        8
 Chain Lightning          Conj/Air       17%        3d23      100%        9
 Death's Door             Necr           10%        N/A       100%        9
 Fire Storm               Conj/Fire      10%        8d3       100%        9
 Polar Vortex             Ice            21%        12d2*     100%        9
 Shatter                  Erth           10%        3d11*     100%        9
 Animate Armour           Summ/Erth      Unusable   N/A       N/A         4
 Animate Dead             Necr           Unusable   N/A       N/A         4
 Simulacrum               Ice/Necr       Unusable   N/A       N/A         6

Inventory:

Jewellery
 c - the ring "Ucloijoc" {Ice MP+9 Int+4 Dex+2}
   (You found it on level 1 of the Elven Halls)

   [ring of ice]

   Ice:       It enhances your ice magic.
   Int+4:     It affects your intelligence (+4).
   Dex+2:     It affects your dexterity (+2).
   rF-:       It makes you vulnerable to fire.
   rC+:       It protects you from cold.
   MP+9:      It affects your magic capacity (+9).
 h - the ring "Udwifem" {rN+ Str+3 Dex+6}
   (You found it in the Desolation of Salt)

   [ring of dexterity]

   Str+3:     It affects your strength (+3).
   Dex+6:     It affects your dexterity (+6).
   rN+:       It protects you from negative energy.
 l - the ring of Vabao {rN++ Str-4 Int+4 Dex+6}
   (You found it on level 5 of the Pits of Slime)

   [ring of dexterity]

   Str-4:     It affects your strength (-4).
   Int+4:     It affects your intelligence (+4).
   Dex+6:     It affects your dexterity (+6).
   rN++:      It greatly protects you from negative energy.
 r - the ring of the Red Skies (right paw) {rElec rF+ MP+9 Int+5}
   (You bought it in a shop on level 8 of the Dungeon)

   [ring of protection from fire]

   Int+5:     It affects your intelligence (+5).
   rF+:       It protects you from fire.
   rElec:     It insulates you from electricity.
   MP+9:      It affects your magic capacity (+9).
 y - the amulet of Asen (around neck) {Regen+ Str+5 Slay+2}
   (You acquired it on level 8 of the Dungeon)

   [amulet of regeneration]

   Str+5:     It affects your strength (+5).
   Slay+2:    It affects your accuracy & damage with ranged weapons and melee
   (+2).
   Regen+:    It increases your rate of health regeneration.
 M - the ring "Xoduam" (left paw) {rF+ rN+ Will+ Int+5}
   (You bought it in a shop on level 1 of the Depths)

   [ring of willpower]

   Int+5:     It affects your intelligence (+5).
   rF+:       It protects you from fire.
   rN+:       It protects you from negative energy.
   Will+:     It increases your willpower.
 Q - the brooch of Shielding {Spirit SH+8}
   (You found it on level 15 of the Dungeon)

   [amulet of guardian spirit]

   Spirit:    It causes incoming damage to be divided between your reserves of
   health and magic.
   SH+8:      It affects your SH (+8).
 R - the amulet of the Lich-sworn {RegenMP Regen+ Dex+3}
   (You found it on level 5 of the Realm of Zot)

   [amulet of magic regeneration]

   RegenMP:   It increases your rate of magic regeneration.
   Dex+3:     It affects your dexterity (+3).
   Regen+:    It increases your rate of health regeneration.
Talismans
 C - a talisman of death
   (You found it in a wizard's laboratory)
 W - a storm talisman (active)
   (You found it in the Desolation of Salt)
Wands
 a - a wand of mindburst (42)
   (You found it on level 13 of the Dungeon)
 j - a wand of light (9)
   (You found it on level 4 of the Lair of Beasts)
 t - a wand of roots (40)
   (You found it on level 4 of the Snake Pit)
 x - a wand of flame (90)
   (You took it off Ijyb on level 5 of the Dungeon)
 B - a wand of charming (22)
   (You found it on level 5 of the Lair of Beasts)
 G - a wand of digging (28)
   (You found it on level 10 of the Dungeon)
 I - a wand of polymorph (33)
   (You took it off a naga mage on level 4 of the Snake Pit)
Scrolls
 b - 8 scrolls of amnesia
 e - 18 scrolls of teleportation
 f - 6 scrolls of fog
 n - 6 scrolls of silence
 s - 9 scrolls of vulnerability
 v - 4 scrolls of fear
 w - 9 scrolls of immolation
 F - 9 scrolls of poison
 K - 6 scrolls of revelation
 N - 2 scrolls of summoning
 P - 10 scrolls of blinking
 S - a scroll of noise
 Y - a scroll of torment
Potions
 d - 3 potions of magic
 g - 7 potions of brilliance
 i - 24 potions of curing
 k - 4 potions of invisibility
 m - 3 potions of cancellation
 o - 6 potions of mutation
 q - 11 potions of lignification
 u - 9 potions of ambrosia
 z - 10 potions of resistance
 A - 6 potions of might
 E - a potion of haste
 H - 20 potions of heal wounds
 O - 10 potions of enlightenment
 U - 6 potions of attraction
 V - 4 potions of berserk rage
Miscellaneous
 p - a lightning rod (4/4)
   (You found it on level 1 of the Crypt)
 D - a condenser vane
   (You found it on level 3 of the Crypt)
 J - a phantom mirror
   (You found it on level 1 of the Swamp)
 L - a sack of spiders
   (You found it on level 3 of the Crypt)
 Z - a phial of floods
   (You found it on level 3 of the Depths)

Dungeon Overview and Level Annotations

Branches:
Dungeon (15/15)            Temple (1/1) D:6            Lair (5/5) D:8
  Swamp (4/4) Lair:3        Snake (4/4) Lair:3        Slime (5/5) Lair:4
    Orc (2/2) D:11            Elf (3/3) Orc:2        Vaults (4/5) D:14
  Crypt (3/3) Vaults:3       Tomb (0/3) Crypt:3      Depths (4/4) D:15
    Zot (5/5) Depths:4      Sewer (visited)         Volcano (visited)
 WizLab (visited)         Desolation (visited)

Altars:
Ashenzari
Cheibriados
Dithmenos
Elyvilon
Fedhas
Gozag
Hepliaklqana
Kikubaaqudgha
Makhleb
Nemelex Xobeh
Okawaru
Qazlal
Ru
Sif Muna
Trog
Uskayaw
Vehumet
Wu Jian
Xom
Yredelemnul
Zin
The Shining One
Jiyva
Lugonu

Shops:
D:8 :?=   D:11 :   Orc:2 [[::   Elf:1 ?[?   Snake:1 *(   Snake:2 (   Vaults:1 [
Vaults:2 [   Depths:1 (=[[[   Depths:2 *

Portals:
Hell: Depths:1 Depths:2 Depths:3 Depths:4
Abyss: Lair:5 Depths:2 Depths:3
Pandemonium: Depths:2
Ziggurat: Depths:3

Annotations:
Vaults:5 ! Danger
Zot:3 2 transporters, ragingrage's ghost, veteran DrSh

#.# #........# #.# #.#
#.....#..#####.# #.#
###..............#
#.###.......#..#######
#.....#...###..# #######........#
#...######
###.###################
#.##v.#..#.##...#.... ###
#.###..##.##.##....#. ##.##
#.##..##.#.#...##...# #####.#.##
#.####...###.##......
.....###.####.# ###.#...#..#...#.
.##.## ##.....###[######.#...#..#
.###.###.###..##.#...#.##.#..##.[
.#..(.#.###...##.###..##.##......
.#.##..## ##..###..###.#.#..#...#


There were no monsters in sight!


Message History

The hellion completely misses your orb of fire.
The electric golem closely misses your orb of fire.
The electric golem hits your orb of fire.
The electric golem shocks your orb of fire.
Your orb of fire completely resists.
The electric golem hits your orb of fire but does no damage. x2
Your orb of fire glows bright magenta.
The fireball explodes!
The fireball engulfs the electric golem!!
The electric golem resists.
The fireball engulfs your orb of fire.
Your orb of fire completely resists.
The dread lich mumbles some strange words.
The dread lich flickers and vanishes for a moment.
The Killer Klown pies your orb of fire viciously!
The klown pie hits your orb of fire!!
Blueberry!
Your orb of fire loses the ability to speak.
Unknown command.
Casting: Manifold Assault (safe; 1% risk of failure)
Press: ? - help, Q - select action, (/) - cycle Dir - look around, f - activate You can't see that place. [a stone wall.] Space momentarily warps into an impossible shape!
You closely miss the electric golem.
The hellion hits your orb of fire but does no damage.
The electric golem hurls lightning at you.
The bolt of lightning hits your orb of fire.
Your orb of fire completely resists.
The bolt of lightning misses you.
Your orb of fire glows bright magenta.
The fireball explodes!
The fireball engulfs the Killer Klown!!!
The fireball engulfs your orb of fire.
Your orb of fire completely resists.
The fireball engulfs your orb of fire.
Your orb of fire completely resists.
The fireball engulfs your orb of fire.
Your orb of fire completely resists.
Unknown command.
Casting: Manifold Assault (safe; 1% risk of failure)
Press: ? - help, Q - select action, (/) - cycle Dir - look around, f - activate
Okay, then.
Press: ? - help, v - describe, . - travel
Here: a dread lich (slightly transparent, not watching you, indifferent)
The floor.
Unknown command.
The Killer Klown elbows your orb of fire with a +10 club!!
The electric golem barely misses your orb of fire.
The electric golem closely misses your orb of fire. x2
The electric golem hits your orb of fire!
The Killer Klown trip-wires your orb of fire with a +10 club.
Your orb of fire glows red.
The bolt of fire hits the hellion!!!!
The hellion dies!
The hellion disappears in a puff of smoke!
The electric golem hurls lightning at you.
The bolt of lightning misses you.
You hear a roar!
The dread lich closely misses your orb of fire.
The Killer Klown pies your orb of fire viciously!
The klown pie misses your orb of fire. The klown pie misses you.
Your orb of fire glows bright magenta.
The bolt of fire hits the electric golem!!!
The electric golem resists.
Your orb of fire glows bright magenta.
The bolt of fire hits the electric golem!!!
The electric golem resists.
The electric golem is destroyed!
The bolt of fire hits your orb of fire.
Your orb of fire completely resists.
Your orb of fire glows yellow.
The Killer Klown twists and deforms.
Your orb of fire glows deep purple.
The bolt of fire hits the dread lich!!!
The dread lich resists.
The Killer Klown misses your orb of fire.
The dread lich misses your orb of fire.
Your orb of fire glows bright magenta.
The fireball explodes!
The fireball engulfs the Killer Klown!!!!
The Killer Klown dies!
The fireball engulfs the dread lich!!
The dread lich resists.
The fireball engulfs your orb of fire.
Your orb of fire completely resists.
Your orb of fire glows bright magenta.
The bolt of fire misses the dread lich.
The bolt of fire hits your orb of fire.
Your orb of fire completely resists.
Your orb of fire glows yellow.
The fireball explodes!
The fireball engulfs the dread lich!!
The dread lich resists.
The fireball engulfs your orb of fire.
Your orb of fire completely resists.
The fireball engulfs your orb of fire.
Your orb of fire completely resists.
The fireball engulfs your orb of fire.
Your orb of fire completely resists.
Your orb of fire emits a lurid red light.
The bolt of fire hits the dread lich!
The dread lich resists.
The dread lich is destroyed!
The bolt of fire hits your orb of fire.
Your orb of fire completely resists.
Your orb of fire emits a lurid red light.
The fireball explodes!
The fireball engulfs the Orb Guardian!!!
You hear a roar!
Unknown command.
Your orb of fire is no longer mute.
Your orb of fire emits a lurid red light.
The bolt of fire misses the Orb Guardian.
Your orb of fire glows yellow.
The fireball explodes!
The fireball engulfs the Orb Guardian!!!!
The Orb Guardian dies!
You hear a roar! x3
You now have 6415 gold pieces (gained 22).
Unknown command.
Tiamat, Avatar of the Dragonlord comes into view.
She is wielding a +4 glaive of protection and wearing the +4 dragonskin cloak.
Casting: Manifold Assault (safe; 1% risk of failure)
Press: ? - help, Q - select action, (/) - cycle Dir - look around, f - activate You can't see that place.
Okay, then.
Unknown command.
Casting: Manifold Assault (safe; 1% risk of failure)
Press: ? - help, Q - select action, (/) - cycle Dir - look around, f - activate You can't see that place.
Okay, then.
Your orb of fire emits a lurid red light.
The fireball explodes!
The fireball engulfs Tiamat!!!
Tiamat breathes poison at you.
Your orb of fire glows bright magenta.
Tiamat twists and deforms.
You hear a roar! x2
Unknown command.
Your orb of fire glows bright magenta.
The bolt of fire hits your orb of fire.
Your orb of fire completely resists.
The bolt of fire hits Tiamat!!!!
Your orb of fire glows yellow.
The bolt of fire hits Tiamat!!!
Your orb of fire glows bright magenta.
Tiamat twists and deforms.
Your orb of fire glows red.
The bolt of fire hits Tiamat!!!
Your orb of fire glows deep purple.
The fireball explodes!
The fireball engulfs Tiamat!!
The fireball engulfs your orb of fire.
Your orb of fire completely resists.
You hear a roar! x3
Your orb of fire glows bright magenta.
Tiamat twists and deforms.
Tiamat misses your orb of fire.
Your orb of fire glows yellow.
Tiamat twists and deforms.
Unknown command.
Your orb of fire glows red.
The bolt of fire hits Tiamat but does no damage.
Your orb of fire glows red.
The bolt of fire hits your orb of fire.
Your orb of fire completely resists.
The bolt of fire hits Tiamat!
A glob of acid appears from out of your range of vision.
The glob of acid misses your orb of fire.
Tiamat hits your orb of fire from afar with a +4 glaive of protection!!!
Your orb of fire glows deep purple.
The bolt of fire hits Tiamat!!
The bolt of fire hits your orb of fire.
Your orb of fire completely resists.
Your orb of fire glows yellow.
The fireball explodes!
The fireball engulfs Tiamat!!!
Tiamat dies!
The fireball engulfs your orb of fire.
Your orb of fire completely resists.
The fireball engulfs your orb of fire.
Your orb of fire completely resists.
The fireball engulfs your orb of fire.
Your orb of fire completely resists.
The fireball engulfs your orb of fire.
Your orb of fire completely resists.
Your orb of fire glows yellow.
The bolt of fire hits your orb of fire.
Your orb of fire completely resists.
The bolt of fire hits your orb of fire.
Your orb of fire completely resists.
Your orb of fire glows yellow.
You hear an explosion! x2
You feel a bit more experienced. x2
Your orb of fire glows yellow.
You feel a bit more experienced.
The blast of cold hits your orb of fire!
Your orb of fire resists.
A blast of cold appears from out of your range of vision.
The blast of cold hits your orb of fire!
Your orb of fire resists.
Your orb of fire glows deep purple.
You hear an explosion!
The fireball engulfs your orb of fire.
Your orb of fire completely resists.
You feel a bit more experienced.
Your orb of fire glows red.
You feel a bit more experienced.
Your orb of fire emits a lurid red light.
You hear an explosion!
The fireball engulfs your orb of fire.
Your orb of fire completely resists.
You feel a bit more experienced.
Something closely misses your orb of fire.
Your orb of fire glows bright magenta.
The bolt of fire hits your orb of fire.
Your orb of fire completely resists.
Your orb of fire glows red.
The bolt of fire misses your orb of fire.
Level annotation: exclusion: obsidian statue Welcome back, scionoferis the Felid Shapeshifter.
Gozag says: Greed is good.
Press ? for a list of commands and other information.
A purple draconian, a yellow draconian, a red draconian and a green draconian monk come into view.
The yellow draconian is wielding a +1 halberd of freezing.
The purple draconian barely misses your orb of fire.
The yellow draconian hits your orb of fire but does no damage.
A black draconian comes into view. It is wielding a +0 halberd.
Something hits your orb of fire!
Your orb of fire glows yellow.
The fireball explodes!
The fireball engulfs the green draconian monk!!!
The fireball engulfs your orb of fire.
Your orb of fire completely resists.
A green draconian monk and a purple draconian shifter come into view.
Found 3 stones.
Your orb of fire emits a lurid red light.
The bolt of fire hits the yellow draconian!!!
The yellow draconian dies!
The bolt of fire hits the black draconian!!!!
The black draconian dies!
The bolt of fire hits the purple draconian!!!!
The purple draconian dies!
The red draconian closely misses your orb of fire.
The green draconian monk completely misses your orb of fire. x2
The green draconian monk misses your orb of fire.
The green draconian monk tail-slaps your orb of fire!
The green draconian monk is distracted by your dazzling golden aura.
Your orb of fire glows red.
The bolt of fire misses your orb of fire.
The bolt of fire hits the green draconian monk!!!
The green draconian monk dies!
Your orb of fire glows bright magenta.
The green draconian monk is no longer distracted by gold.
The green draconian monk twists and deforms.
Okay, then.
Unknown command.
Casting: Manifold Assault (safe; 1% risk of failure)
Press: ? - help, Q - select action, (/) - cycle Dir - look around, f - activate Space momentarily warps into an impossible shape!
You blast the purple draconian shifter!!!
You closely miss the red draconian.
The red draconian hits your orb of fire with a +0 trident!
Your orb of fire glows bright magenta.
The fireball explodes!
The fireball engulfs the green draconian monk!!!
The fireball engulfs your orb of fire.
Your orb of fire completely resists.
The fireball engulfs your orb of fire.
Your orb of fire completely resists.
Unknown command.
Casting: Manifold Assault (safe; 1% risk of failure)
Press: ? - help, Q - select action, (/) - cycle Dir - look around, f - activate Space momentarily warps into an impossible shape!
You blast the red draconian!!!
You kill the red draconian!
You batter the purple draconian shifter!!
You kill the purple draconian shifter!
Your orb of fire glows bright magenta.
The bolt of fire hits the green draconian monk!!!!
The green draconian monk dies!
Your orb of fire glows deep purple.
Your orb of fire glows red.
Your orb of fire glows deep purple.
You hear an explosion!
Your orb of fire glows red.
An Orb Guardian and a purple draconian shifter come into view.
Your orb of fire glows yellow.
The bolt of fire hits your orb of fire.
Your orb of fire completely resists.
The bolt of fire hits your orb of fire.
Your orb of fire completely resists.
The bolt of fire hits the purple draconian shifter!!!!
The purple draconian shifter dies!
The Orb Guardian barely misses your orb of fire.
Your orb of fire glows red.
The Orb Guardian twists and deforms.
Your orb of fire glows red.
You hear an explosion!
The fireball engulfs your orb of fire.
Your orb of fire completely resists.
Your orb of fire glows yellow.
The Orb Guardian twists and deforms.
An Orb Guardian comes into view.
The Orb Guardian is distracted by your dazzling golden aura.
Your orb of fire glows red.
The bolt of fire hits the Orb Guardian!!!
The Orb Guardian dies!
Your orb of fire glows deep purple.
The fireball explodes!
The fireball engulfs the Orb Guardian!!!!
The Orb Guardian dies!
The fireball engulfs your orb of fire.
Your orb of fire completely resists.
The fireball engulfs your orb of fire.
Your orb of fire completely resists.
The fireball engulfs your orb of fire.
Your orb of fire completely resists.
The fireball engulfs your orb of fire.
Your orb of fire completely resists.
Your orb of fire glows yellow.
The bolt of fire hits your orb of fire.
Your orb of fire completely resists.
You feel a genetic drift.
You occasionally lose the ability to read scrolls when taking damage.
You no longer feel a malignance within.
An Orb Guardian comes into view.
The Orb Guardian is distracted by your dazzling golden aura.
Your orb of fire glows deep purple.
The bolt of fire hits your orb of fire.
Your orb of fire completely resists.
The bolt of fire hits the Orb Guardian!!
The Orb Guardian is no longer distracted by gold.
Your orb of fire glows bright magenta.
The bolt of fire misses your orb of fire.
The bolt of fire hits the Orb Guardian!!!
The Orb Guardian dies!
Your orb of fire glows deep purple.
Unknown command.
Your orb of fire glows yellow.
You hear an explosion!
Your orb of fire glows yellow.
Your orb of fire glows red.
You feel a bit more experienced.
Your orb of fire glows deep purple.
You see here a +0 hand axe.
Unknown command.
Okay, then.
Unknown command.
An Orb Guardian comes into view.
Your orb of fire glows bright magenta.
The bolt of fire hits the Orb Guardian!!!
The Orb Guardian dies!
Your orb of fire glows yellow.
You hear an explosion!
You feel a bit more experienced.
Your Evocations skill increases to level 17!
Found 25 gold pieces.
Your orb of fire glows bright magenta.
You hear an explosion!
Your orb of fire glows bright magenta.
The bolt of fire hits your orb of fire.
Your orb of fire completely resists.
The bolt of fire misses your orb of fire.
You feel a bit more experienced.
Your orb of fire glows bright magenta.
You feel a bit more experienced.
Your Unarmed Combat skill increases to level 24!
Found 18 gold pieces.
Your orb of fire glows bright magenta.
The bolt of fire hits your orb of fire.
Your orb of fire completely resists.
Your orb of fire emits a lurid red light.
You hear an explosion!
You feel a bit more experienced.
Your Spellcasting skill increases to level 14!
You now have 6430 gold pieces (gained 15).
You swap places.
Found 49 gold pieces.
You swap places.
Found the Orb of Zot.
Found 26 gold pieces.
You now have 6450 gold pieces (gained 20).
An Orb Guardian comes into view.
The Orb Guardian is distracted by your dazzling golden aura.
Casting: Manifold Assault (safe; 1% risk of failure)
Press: ? - help, Q - select action, (/) - cycle Dir - look around, f - activate Space momentarily warps into an impossible shape!
You blast the Orb Guardian!!!
The Orb Guardian is no longer distracted by gold.
Your orb of fire emits a lurid red light.
The bolt of fire misses the Orb Guardian.
Your orb of fire glows deep purple.
The Orb Guardian twists and deforms.
The Orb Guardian is distracted by your dazzling golden aura.
Casting: Manifold Assault (safe; 1% risk of failure)
Press: ? - help, Q - select action, (/) - cycle Dir - look around, f - activate Space momentarily warps into an impossible shape!
You batter the Orb Guardian!!
The Orb Guardian is no longer distracted by gold.
Your orb of fire glows red.
The fireball explodes!
The fireball engulfs the Orb Guardian!!!
The Orb Guardian dies!
An Orb Guardian comes into view.
Your orb of fire glows red.
The bolt of fire hits the Orb Guardian!!
Casting: Manifold Assault (safe; 1% risk of failure)
Press: ? - help, Q - select action, (/) - cycle Dir - look around, f - activate Space momentarily warps into an impossible shape!
You hit the Orb Guardian.
Unknown command.
Casting: Manifold Assault (safe; 1% risk of failure)
Press: ? - help, Q - select action, (/) - cycle Dir - look around, f - activate Space momentarily warps into an impossible shape!
You blast the Orb Guardian!!!
You kill the Orb Guardian!
Unknown command.
You start resting.
Magic restored.
You swap places.
Found a potion of heal wounds and 8 gold pieces.
H - 20 potions of heal wounds (gained 1)
There are no items here.
Found a shortbow.
Found 5 gold pieces.
Found a scroll of teleportation.
Found 36 gold pieces.
The obsidian statue's eyes glow briefly.
Your orb of fire emits a lurid red light.
The fireball explodes!
The fireball engulfs the shadow imp!!!
The shadow imp dies!
The shadow imp disappears in a puff of smoke!
The fireball engulfs the white imp!!!!
The white imp is burned terribly!
The white imp dies!
The white imp disappears in a puff of smoke!
Casting: Manifold Assault (safe; 1% risk of failure)
Press: ? - help, Q - select action, (/) - cycle Dir - look around, f - activate Space momentarily warps into an impossible shape!
You hit the obsidian statue but do no damage.
Unknown command.
Casting: Manifold Assault (safe; 1% risk of failure)
Press: ? - help, Q - select action, (/) - cycle Dir - look around, f - activate Space momentarily warps into an impossible shape!
You buffet the obsidian statue!
Your orb of fire glows red.
The bolt of fire hits the obsidian statue!
The obsidian statue resists.
Casting: Manifold Assault (safe; 1% risk of failure)
Press: ? - help, Q - select action, (/) - cycle Dir - look around, f - activate Space momentarily warps into an impossible shape!
You batter the obsidian statue!!
Unknown command.
Casting: Manifold Assault (safe; 1% risk of failure)
Press: ? - help, Q - select action, (/) - cycle Dir - look around, f - activate Space momentarily warps into an impossible shape!
You barely miss the obsidian statue.
The obsidian statue's eyes glow briefly.
The obsidian statue attempts to bespell you!
You resist with almost no effort.
Unknown command.
Casting: Manifold Assault (safe; 1% risk of failure)
Press: ? - help, Q - select action, (/) - cycle Dir - look around, f - activate Space momentarily warps into an impossible shape!
You barely miss the obsidian statue.
Unknown command.
Casting: Manifold Assault (safe; 1% risk of failure)
Press: ? - help, Q - select action, (/) - cycle Dir - look around, f - activate Space momentarily warps into an impossible shape!
You hit the obsidian statue but do no damage.
Your orb of fire emits a lurid red light.
The fireball explodes!
The fireball engulfs the obsidian statue!
The obsidian statue resists.
The obsidian statue's eyes glow briefly.
Casting: Manifold Assault (safe; 1% risk of failure)
Press: ? - help, Q - select action, (/) - cycle Dir - look around, f - activate Space momentarily warps into an impossible shape!
You buffet the obsidian statue!
Unknown command.
Casting: Manifold Assault (safe; 1% risk of failure)
Press: ? - help, Q - select action, (/) - cycle Dir - look around, f - activate Space momentarily warps into an impossible shape!
You batter the obsidian statue!!
You destroy the obsidian statue!
The quasit disappears in a puff of smoke!
You start resting.
Magic restored.
You swap places.
You now have 6455 gold pieces (gained 5).
You swap places.
You now have 6463 gold pieces (gained 8).
You see here a +0 scimitar.
R - the amulet of the Lich-sworn {RegenMP Regen+ Dex+3}
Things that are here:
a +0 cloak; a +0 long sword Unknown command.
You now have 6468 gold pieces (gained 5).
You see here a +9 club of holy wrath.
You swap places.
You see here a +0 scimitar.
You now have 6496 gold pieces (gained 28).
You see here a +1 trident of venom.
You swap places.
You swap places.
You see here a +0 scimitar.
You see here a +9 club of holy wrath.
You now have 6523 gold pieces (gained 27).
You now have 6527 gold pieces (gained 4).
You swap places.
You now have 6534 gold pieces (gained 7).
Things that are here:
a +0 cloak; a +0 whip You now have 6550 gold pieces (gained 16).
You swap places.
You now have 6558 gold pieces (gained 8).
You see here a +0 flail.
You swap places.
You now have 6576 gold pieces (gained 18).
You now have 6579 gold pieces (gained 3).
You now have 6588 gold pieces (gained 9).
You swap places.
You now have 6594 gold pieces (gained 6).
You now have 6599 gold pieces (gained 5).
You swap places.
You now have 6620 gold pieces (gained 21).
You swap places.
You now have 6640 gold pieces (gained 20).
Things that are here:
a +0 mace; a +2 cloak of poison resistance; a +0 dagger You swap places.
You now have 6693 gold pieces (gained 53).
Items here: )) [[.
You swap places.
You now have 6729 gold pieces (gained 36).
Things that are here:
a +0 hand axe; a +0 long sword You now have 6774 gold pieces (gained 45).
You now have 6785 gold pieces (gained 11).
You now have 6800 gold pieces (gained 15).
You swap places.
You now have 6818 gold pieces (gained 18).
You swap places.
You swap places.
You now have 6844 gold pieces (gained 26).
You now have 6883 gold pieces (gained 39).
You see here a +0 mace.
You now have 6905 gold pieces (gained 22).
You swap places.
You now have 6923 gold pieces (gained 18).
You swap places.
You now have 6929 gold pieces (gained 6).
You see here a +0 war axe.
You swap places.
You now have 6952 gold pieces (gained 23).
You now have 6958 gold pieces (gained 6).
There is an open door, spattered with blood here.
You see here a +0 battleaxe.
You now have 6986 gold pieces (gained 28).
Things that are here:
a +0 cloak; a +0 long sword You now have 7000 gold pieces (gained 14).
You swap places.
You swap places.
You swap places.
There is an open door here.
You now have 7005 gold pieces (gained 5).
You swap places.
There is an open door here.
You swap places.
You swap places.
You now have 7028 gold pieces (gained 23).
You swap places.
There is an open door here.
There is a stone staircase leading up here.
You see here a +0 mace.
Key pressed, stopping explore.
Unknown command.
You now have 7076 gold pieces (gained 48).
You now have 7100 gold pieces (gained 24).
You now have 7104 gold pieces (gained 4).
You now have 7125 gold pieces (gained 21).
You swap places.
You now have 7158 gold pieces (gained 33).
Things that are here:
a +0 cloak; a +0 scimitar; a yellow draconian skeleton You swap places.
You now have 7184 gold pieces (gained 26).
You now have 7203 gold pieces (gained 19).
Things that are here:
a +4 short sword; a +0 cloak; a +0 cloak You swap places.
You now have 7208 gold pieces (gained 5).
T - a ring of fire You see here a +0 war axe.
You drop a ring of fire.
You now have 7213 gold pieces (gained 5).
Things that are here:
a +1 cloak; a +0 rapier You swap places.
You now have 7249 gold pieces (gained 36).
Things that are here:
a +0 cloak; a +1 halberd of freezing; a +0 long sword You now have 7255 gold pieces (gained 6).
You see here a +0 halberd.
You now have 7258 gold pieces (gained 3).
You see here a +0 short sword.
You swap places.
You now have 7266 gold pieces (gained 8).
You see here a +0 trident.
You swap places.
You now have 7273 gold pieces (gained 7).
You see here a +0 mace.
You swap places.
You now have 7281 gold pieces (gained 8).
Things that are here:
the +4 dragonskin cloak; a +4 glaive of protection You swap places.
Things that are here:
a ring of fire; a +0 war axe
Things that are here:
a +1 cloak; a +0 rapier You now have 7287 gold pieces (gained 6).
Things that are here:
a +0 short sword; a +0 cloak You swap places.
You now have 7307 gold pieces (gained 20).
You swap places.
You now have 7329 gold pieces (gained 22).
You now have 7354 gold pieces (gained 25).
You now have 7372 gold pieces (gained 18).
You swap places.
You now have 7398 gold pieces (gained 26).
You see here the Orb of Zot.
You swap places.
You now have 7418 gold pieces (gained 20).
You swap places.
You now have 7439 gold pieces (gained 21).
You swap places.
You now have 7447 gold pieces (gained 8).
You swap places.
e - 18 scrolls of teleportation (gained 1)
You swap places.
You swap places.
You now have 7467 gold pieces (gained 20).
U - 6 potions of attraction (gained 1)
You swap places.
You swap places.
You see here a +9 club of holy wrath.
You see here a +0 scimitar.
Your orb of fire disappears!
You see here a +0 short sword.
You see here a +0 trident.
You swap places.
You swap places.
You swap places.
You swap places.
You see here a +0 mace.
You see here a +0 war axe.
There is an open door, spattered with blood here.
You see here a +0 battleaxe.
There is an open door here.
You now have 7486 gold pieces (gained 19).
Partly explored, can't reach some items.
Search for what [? for help]? zot:5 You swap places.
There is an open door here.
There is an open door, spattered with blood here.
You see here a +0 battleaxe.
You see here a +0 war axe.
You see here a +0 mace.
You see here a +0 halberd.
Casting: Manifold Assault (safe; 1% risk of failure)
Confirm with . or Enter, or press ? or * to list all spells.
Aiming: Apportation (safe; 0% risk of failure)
Press: ? - help, Dir - move target Apport: 49 gold pieces Yoink!
You pull the items towards yourself.
You now have 7535 gold pieces (gained 49).
Okay, then.
You see here the Orb of Zot.
Okay, then.
Unknown command.
You pick up the Orb of Zot!
The Orb lets out a hideous shriek!
The lords of Pandemonium are not amused.
Beware!
Now all you have to do is get back out of the dungeon!
You enter a permanent teleport trap!
Your surroundings suddenly seem different.
What level of the Dungeon? (default 15, ? - help)
You see here a +0 mace.
You see here a +0 war axe.
There is an open door, spattered with blood here.
You see here a +0 battleaxe.
There is a stone staircase leading up here.
You fly upwards.
There is a stone staircase leading down here.
A glowing orange brain comes into view.
The glowing orange brain moves out of view.
A demonic crawler comes into view.
The glowing orange brain pulsates.
You resist with almost no effort.
The glowing orange brain pulsates.
You resist with almost no effort. The demonic crawler barely misses you.
The demonic crawler completely misses you.
The demonic crawler misses you. x2
The demonic crawler completely misses you. x2
The demonic crawler attacks as it pursues you!
The demonic crawler completely misses you.
The demonic crawler hits you.
The demonic crawler completely misses you.
The demonic crawler completely misses you. x2
The demonic crawler hits you!
There is an open door here.
Things that are here:
a +0 cloak; a +0 dagger The demonic crawler completely misses you. x2
The demonic crawler misses you.
There is a stone staircase leading up here.
You see here a +2 halberd of venom.
You blast the demonic crawler!!!
You kill the demonic crawler!
You now have 7547 gold pieces (gained 12).
There is a stone staircase leading up here.
You fly upwards.
Level annotation: 2 transporters, ragingrage's ghost, veteran DrSh
There is a stone staircase leading down here.
What level of the Dungeon? (default 1, ? - help) Ragingrage's ghost turns its malevolent gaze towards you.
The yellow draconian annihilator roars!
You hear a deafening roar!
The storm dragon is distracted by your dazzling golden aura.
The storm dragon is no longer distracted by gold.
Ragingrage's ghost is distracted by your dazzling golden aura.
Ragingrage's ghost is no longer distracted by gold.
A cacodemon, 2 sixfirhies and an orange demon come into view.
The orange demon screeches!
The sixfirhy completely misses you. x2
The sixfirhy completely misses you.
Some rock shatters into small pieces.
You hear a grinding noise.
The sixfirhy completely misses you. x2
The sixfirhy barely misses you. The sixfirhy completely misses you.
There is a stone staircase leading up here.
The sixfirhy completely misses you. x4
The cacodemon gestures at the rock wall.
Some rock shatters into small pieces.
You fly upwards.
There is a stone staircase leading down here.
You barely miss the sixfirhy. x2
You batter the sixfirhy!! You punch the sixfirhy!
You kill the sixfirhy!
You batter the sixfirhy!!
You blast the sixfirhy!!!
You kill the sixfirhy!
What level of the Dungeon? (default 1, ? - help)
You see here a +0 glaive.
There is an open gate, spattered with blood here.
You see here a +0 flail.
You see here a +0 dire flail.
Things that are here:
a +0 dire flail; a +0 cloak; a +0 short sword of freezing
There is a stone staircase leading up, spattered with blood here.
You fly upwards.
There is a stone staircase leading down here.
There is a gate leading back out of this place here.
You fly up through the gate.
Welcome back to the Depths!
There is a gate to the Realm of Zot here.
A green death comes into view.
You batter the green death!!
Lightning courses through the green death!!
You punch the green death!
The green death is almost dead.
You batter the green death!!
You kill the green death!
There is a gate to the Realm of Zot here.
You can't go up here!
What level of the Dungeon? (default 1, ? - help)
There is a fountain of clear blue water here.
You see here a +0 robe.
A green death comes into view.
You see here a +0 scimitar.
The green death moves out of view.
You see here a +0 long sword.
What level of the Dungeon? (default 1, ? - help)
You see here a +0 hand axe.
Items here: )))) [.
A green death is nearby!
There is an open door, spattered with blood here.
You see here 4 large rocks.
You reach down and close the door.
You see here a +0 battleaxe of freezing.
What level of the Dungeon? (default 1, ? - help)
Things that are here:
a +0 animal skin; a +0 broad axe; 4 large rocks A green death opens the door.
There is an open door here.
A green death is nearby!
What level of the Dungeon? (default 15, ? - help)
There is an open door here.
There is an open door here.
There is an open door here.
There is an open door here.
There is a stone staircase leading up, spattered with blood here.
You fly upwards.
There is a stone staircase leading down here.
There is a stone staircase leading up here.
You fly upwards.
There is a stone staircase leading down here.
You see here 3 large rocks.
There is a stone staircase leading up here.
You fly upwards.
There is a stone staircase leading down here.
Things that are here:
a +0 tower shield; a +4 eudemon blade of holy wrath You see here 5 large rocks.
Things that are here:
4 curare-tipped darts; a +0 spear You see here a +0 broad axe.
You see here a +0 plate armour.
There is a staircase back to the Dungeon here.
You fly upwards.
Welcome back to the Dungeon!
There is a staircase to the Depths here.
There is an escape hatch in the ceiling here.
A Jiciaha, a sun demon and a small abomination come into view.
Press: ? - help, v - describe, . - travel
Here: Jiciaha The floor.
You blast Jiciaha!!!
Jiciaha is moderately wounded.
You batter Jiciaha!!
Jiciaha is heavily wounded.
You blast Jiciaha!!!
Jiciaha is almost dead.
Jiciaha barely misses you.
You hit Jiciaha.
Jiciaha is almost dead.
Jiciaha misses you.
You blast Jiciaha!!!
You kill Jiciaha!
You hit the small abomination but do no damage.
You batter the small abomination!!
You destroy the small abomination!
You blast the sun demon!!!
You punch the sun demon.
You kill the sun demon!
You now have 7567 gold pieces (gained 20).
You now have 7585 gold pieces (gained 18).
Okay, then.
There is an escape hatch in the ceiling here.
A mysterious force pulls you upwards. The hatch slams shut behind you.
What level of the Dungeon? (default 1, ? - help)
There is an open door here.
You see here a scroll of enchant weapon.
There is a stone staircase leading up here.
You fly upwards.
There is a stone staircase leading down here.
There is a stone staircase leading up here.
You fly upwards.
There is a stone staircase leading down here.
There is a stone staircase leading up, spattered with blood here.
You fly upwards.
There is a stone staircase leading down here.
A green death comes into view.
The green death gestures at you. The bolt of poison misses you.
A red devil comes into view. It is wielding a +0 trident.
The green death gestures at you. The bolt of poison misses you.
There is a stone staircase leading up here.
You blast the red devil!!!!
You kill the red devil!
The green death gestures at you. The bolt of poison misses you.
You fly upwards.
There is a stone staircase leading down here.
What level of the Dungeon? (default 1, ? - help)
You see here a +0 short sword.
There is a stone staircase leading up here.
You fly upwards.
There is a stone staircase leading down here.
There is a stone staircase leading up here.
You fly upwards.
There is a stone staircase leading down here.
There is a stone staircase leading up, spattered with blood here.
Items here: ( )))) [[.
Things that are here:
a +0 robe; a +4 mace
There is a stone staircase leading up here.
You fly upwards.
There is a stone staircase leading down here.
A blizzard demon comes into view.
The blizzard demon gestures at you. The freezing blast misses you.
You are engulfed in freezing vapours.
The blizzard demon waves its arms in wide circles.
The air twists around and strikes you!
You batter the blizzard demon!! You punch the blizzard demon.
The blizzard demon is heavily wounded.
You are engulfed in freezing vapours.
You blast the blizzard demon!!!
You kill the blizzard demon!
You are engulfed in freezing vapours.
You have reached level 27, the final one!
Your experience leads to an increase in your attributes!
Your base attributes are Str 10, Int 18, Dex 21.
Increase (S)trength, (I)ntelligence, or (D)exterity?
You feel clever. x2
You now have 7601 gold pieces (gained 16).
There is an open door here.
A shadow demon comes into view.
There is a stone staircase leading up here.
You fly upwards.
There is a stone staircase leading down here.
What level of the Dungeon? (default 1, ? - help)
A blizzard demon comes into view.
You barely miss the blizzard demon.
You blast the blizzard demon!!!
You kill the blizzard demon!
You now have 7619 gold pieces (gained 18).
Unknown command.
Casting: Apportation (safe; 0% risk of failure)
Confirm with . or Enter, or press ? or * to list all spells.
Aiming: Passwall (safe; 3% risk of failure)
Press: ? - help, Dir - move target A rock wall.
This square is covered in magical glow.
You begin to meditate on the wall.
You continue meditating on the rock. x2
You finish merging with the rock.
You start resting.
Magic restored.
You start resting.
HP restored.
You fly upwards.
There is a stone staircase leading down here.
What level of the Dungeon? (default 1, ? - help)
There is an open door here.
There is a stone staircase leading up here.
You fly upwards.
There is a stone staircase leading down here.
There is a stone staircase leading up here.
You fly upwards.
There is a stone staircase leading down here.
You see here a +0 club.
There is a stone staircase leading up here.
You fly upwards.
There is a stone staircase leading down here.
A profane servitor comes into view. It is wielding a +3 whip.
The profane servitor hits you with a +3 whip!!
The profane servitor completely misses you.
You blast the profane servitor!!!!
You punch the profane servitor!
The profane servitor is severely damaged.
You barely miss the profane servitor.
The profane servitor is severely damaged.
The profane servitor completely misses you. x2
You blast the profane servitor!!!
The profane servitor is almost destroyed.
The profane servitor completely misses you.
The profane servitor hits you with a +3 whip.
You batter the profane servitor!!
You destroy the profane servitor!
You now have 7627 gold pieces (gained 8).
You see here a +3 whip.
There is a stone staircase leading up here.
You start resting.
HP restored.
You fly upwards.
There is a stone staircase leading down here.
There is an open door here.
A demonic crawler comes into view.
A hell beast comes into view.
There is an open door here.
You hit the hell beast.
The hell beast is lightly wounded.
The hell beast completely misses you. x2
You closely miss the hell beast.
The hell beast is lightly wounded.
The hell beast completely misses you. x2
You batter the hell beast!!
Lightning courses through the hell beast!!
You punch the hell beast, but do no damage.
The hell beast is heavily wounded.
You blast the demonic crawler!!!
The demonic crawler completely misses you. x2
The demonic crawler misses you.
The hell beast completely misses you. x2
You hit the hell beast.
The hell beast is heavily wounded.
You batter the demonic crawler!!
Lightning courses through the demonic crawler!
You kill the demonic crawler!
The hell beast completely misses you. x2
You miss the hell beast.
The hell beast is heavily wounded.
You batter the hell beast!! Your punch misses the hell beast.
The hell beast is almost dead.
The hell beast completely misses you. x2
You blast the hell beast!!!
You kill the hell beast!
You now have 7642 gold pieces (gained 15).
You now have 7658 gold pieces (gained 16).
Casting: Passwall (safe; 3% risk of failure)
Confirm with . or Enter, or press ? or * to list all spells.
Aiming: Passwall (safe; 3% risk of failure)
Press: ? - help, Dir - move target A rock wall.
This square is covered in magical glow.
This rock feels extremely deep.
Unknown command.
Casting: Passwall (safe; 3% risk of failure)
Confirm with . or Enter, or press ? or * to list all spells.
Aiming: Passwall (safe; 3% risk of failure)
Press: ? - help, Dir - move target A rock wall.
This square is covered in magical glow.
You begin to meditate on the wall.
You continue meditating on the rock. x3
You finish merging with the rock.
There is a staircase leading out of the dungeon here.
You have escaped!

Skill      XL: |  1  2  3  4  5  6  7  8  9 10 11 12 13 14 15 16 17 18 19 20 21 22 23 24 25 26 |
---------------+-------------------------------------------------------------------------------+-----
Stealth        | 2 3 4 5 6 9 10 12 14 15 | 15.0
Shapeshifting  | 4 5 6 7 8 10 13 15 17 19 21 23 | 23.2
Unarmed Combat | 4 6 8 9 10 11 12 13 14 15 16 17 18 19 20 21 22 23 24 | 24.0
Fighting       | 2 3 5 6 9 11 12 13 14 15 16 17 18 | 18.0
Dodging        | 3 5 8 10 11 12 13 14 15 17 18 | 18.0
Summonings     | 1 5 7 8 9 10 11 12 13 14 16 19 20 21 | 21.3
Spellcasting   | 3 5 6 7 9 10 11 14 | 14.2
Ice Magic      | 3 4 |  4.0
Evocations     | 3 6 11 12 15 17 | 17.1
Translocations | 1 9 10 12 15 | 15.0
Air Magic      | 5 |  5.0

Action                     |  1- 3 |  4- 6 |  7- 9 | 10-12 | 13-15 | 16-18 | 19-21 | 22-24 | 25-27 || total
---------------------------+-------+-------+-------+-------+-------+-------+-------+-------+-------++-------
  Melee: Unarmed           |    71 |   130 |   261 |   646 |  1467 |  1019 |  1478 |  1643 |   882 ||  7597
         Bite              |     2 |    12 |    35 |    90 |   142 |   143 |   179 |    23 |     4 ||   630
         Punch             |       |     4 |     8 |    56 |   107 |   101 |   127 |   241 |   110 ||   754
         Constrict         |       |       |       |       |   131 |       |       |       |       ||   131
         Maw               |       |       |       |       |   125 |   309 |       |       |       ||   434
         Tailslap          |       |       |       |       |       |       |    74 |    32 |       ||   106
   Cast: Call Imp          |       |       |       |     4 |    15 |       |       |       |       ||    19
         Summon Ice Beast  |       |       |       |     7 |    53 |     9 |     2 |       |       ||    71
         Blink             |       |       |       |       |     3 |     7 |     2 |     9 |       ||    21
         Summon Cactus Gia |       |       |       |       |     1 |   218 |    30 |     6 |     8 ||   263
         Manifold Assault  |       |       |       |       |       |   190 |   324 |   329 |   294 ||  1137
         Summon Lightning  |       |       |       |       |       |   160 |    17 |     3 |     4 ||   184
         Passage of Golubr |       |       |       |       |       |       |     4 |     2 |       ||     6
         Passwall          |       |       |       |       |       |       |    17 |       |     5 ||    22
         Apportation       |       |       |       |       |       |       |     4 |     1 |     1 ||     6
         Summon Forest     |       |       |       |       |       |       |       |     4 |     1 ||     5
         Summon Hydra      |       |       |       |       |       |       |       |       |    21 ||    21
         Summon Horrible T |       |       |       |       |       |       |       |       |     1 ||     1
 Invoke: Potion Petition   |       |       |     1 |       |       |       |     6 |     3 |     1 ||    11
         Call Merchant     |       |       |       |       |       |     3 |       |     1 |       ||     4
         Bribe Branch      |       |       |       |       |       |       |       |       |     3 ||     3
Ability: Breathe Fire      |       |       |       |       |       |       |     1 |     2 |       ||     3
         Blinkbolt         |       |       |       |       |       |       |       |     8 |     6 ||    14
         Begin Untransform |       |       |       |       |       |       |       |     1 |     1 ||     2
  Evoke: Wand              |       |       |     4 |    48 |    16 |    53 |     1 |       |     1 ||   123
         Lightning rod     |       |       |       |       |       |       |       |       |     3 ||     3
         Sack of spiders   |       |       |       |       |       |       |       |       |     1 ||     1
         Condenser vane    |       |       |       |       |       |       |       |       |     1 ||     1
    Use: Potion            |       |     1 |     1 |       |       |     2 |    12 |     8 |     9 ||    33
         Scroll            |       |     6 |     1 |     4 |     9 |    22 |    11 |     1 |    15 ||    69
   Stab: Sleeping          |    15 |    11 |    10 |    22 |    32 |    23 |    31 |    32 |    16 ||   192
         Distracted        |       |     3 |     1 |    10 |    24 |    17 |    23 |    24 |     7 ||   109
         Invisible         |       |       |       |     7 |     1 |     2 |     5 |       |       ||    15
         Petrified         |       |       |       |       |     1 |       |       |       |       ||     1
         Confused          |       |       |       |       |       |     1 |       |       |       ||     1
 Armour: Skin              |    14 |    40 |    83 |   191 |   517 |   361 |   409 |   196 |    88 ||  1899
  Dodge: Dodged            |    34 |    67 |   159 |   576 |  1038 |   727 |  1117 |   793 |   437 ||  4948
  Block: Other             |       |       |       |       |       |    76 |   325 |   214 |    22 ||   637
   Form: Anaconda          |       |       |       |       |     2 |       |       |       |       ||     2
         Beast             |       |       |       |       |     2 |       |       |       |       ||     2
         Maw               |       |       |       |       |     1 |       |       |       |       ||     1
         Statue            |       |       |       |       |       |     1 |       |       |       ||     1
         Dragon            |       |       |       |       |       |       |     1 |       |       ||     1
         Storm             |       |       |       |       |       |       |       |     1 |     3 ||     4
         Death             |       |       |       |       |       |       |       |       |     2 ||     2

Levels and vault maps discovered:
D:1:      erik_arrival_cave_to_civilisation [erik_arrival_cave_to_hall],
          layout_loops_corners
D:2:      layout_loops_ring
D:3:      layout_rooms, nicolae_gozag_cash_rules_everything_around_me,
          ebering_ghost_reflecting_pool, nicolae_ecumenical_lake_church,
          gup_sewer_entry_glass, st_stairs_7
D:4:      layout_basic, lemuel_tele_altar, chequers_garden
D:5:      layout_basic, nicolae_ru_path_of_blood, lemuel_round_altar,
          grunt_ministairs_5, kb_lookout_dungeons_type, uniq_ijyb
D:6:      layout_basic, nemelex_diamond_rough_becter, minmay_temple_entry_oklob,
          corner_web_ring, hangedman_abyss_or_decor_stabs,
          grunt_decor_arrowhead, nicolae_lava_and_water
D:7:      layout_loops_corners, grunt_temple_overflow_order_and_chaos_2,
          chequers_temple_overflow_minitemple, nicolae_overflow_hidden_temple,
          pdpol_wu_jian_five_deadly_venoms, tgw_trog,
          chequers_serial_rivers_micro_c, minmay_manual_mandibuliform
D:8:      layout_loops_ring, grunt_lair_entry_orc_guard_hut
D:9:      layout_basic, nicolae_sif_muna_little_library,
          lemuel_mausoleum_altar_yredelemnul
D:10:     layout_loops_ring, bh_walls_and_bars
D:11:     layout_cross, orc_0_dummy, serial_bayou, serial_bayou_pond_a,
          serial_bayou_pond_b, serial_bayou_lagoon_a, serial_bayou_pond_b,
          nicolae_shop_vocational, uniq_josephine
D:12:     layout_cave_pods
D:13:     minmay_outward_triangles, layout_loops_ring, led_xom_imps
D:14:     layout_roguey, david_vaults_5, serial_park_square1
          [serial_park_minivault_5x5_8]
D:15:     hangedman_slaughterboxes, uniq_rupert, uniq_kirke
Temple:   nicolae_temple_bog_church
Lair:1:   layout_chaotic_city, grunt_megastairs_1, serial_bayou_shore_a
Lair:2:   layout_regular_city, st_stairs_12
Lair:3:   layout_gridlike, swamp_mist, minmay_snake_entry_guardpost_small
Lair:4:   layout_cellular_growth, dpeg_slime_entry_corner,
          nicolae_volcano_entry_lava_flow, lemuel_fruit_fields
Lair:5:   hellmonk_lair_end_abyssal_woods, layout_regular_city
Swamp:1:  layout_basic_swamp, evilmike_swamp_ruin_house_3,
          nicolae_swamp_frolicking_bunyips, uniq_jorgrun
Swamp:2:  layout_basic_swamp, evilmike_swamp_ruin_house_2
Swamp:3:  nicolae_swamp_secret_spriggan_hideout, layout_basic_swamp,
          gammafunk_ghost_arena, evilmike_swamp_ruin_house_6
Swamp:4:  byrel_swamp_growth_death_and_undeath, layout_basic_swamp,
          infiniplex_staircase_pool
Snake:1:  layout_layer_cave, minmay_shoptagon
Snake:2:  layout_gridlike, serial_bayou, serial_bayou_lagoon_b,
          serial_bayou_crossing, serial_bayou_ford_a, serial_bayou_pond_d,
          serial_bayou_shore_b, serial_shops, shop, nicolae_snake_mages_go_home,
          serial_bayou_shore_b, uniq_mlioglotl, uniq_donald
Snake:3:  layout_concentric_octagons, uniq_roxanne
Snake:4:  minmay_snake_end_coiled, layout_cave_town
Slime:1:  layout_caves
Slime:2:  layout_caves, dissolution_awaits, uniq_dissolution
Slime:3:  layout_caves
Slime:4:  layout_caves, nicolae_slime_crime_time
Slime:5:  slime_pit_nicolae_trefoil
Orc:1:    layout_caves
Orc:2:    st_orc_elflike, layout_diamond_mine
Elf:1:    eino_elf_arrival_shootout, layout_onion_city,
          portal_desolation_entry_ruin, serial_shops, nicolae_diamond_shop,
          nicolae_shop_getting_attention, shop,
          hangedman_elven_crosses_minicolossus, grunt_megastairs_5
Elf:2:    nicolae_elf_blades_crystal_corner, layout_rooms, serial_sigils,
          serial_sigils_hangedman_confine, serial_sigils_hangedman_gnaw,
          serial_sigils_hangedman_scar, serial_sigils_hangedman_carve,
          serial_sigils_hangedman_gut
Elf:3:    elf_hall, layout_geoelf_octagon, basic_altar,
          minmay_checkered_concentric_circles
Vaults:1: v_misc_12, v_misc_23, v_alt_pattern_4, vaults_dpeg_doors,
          nicolae_vaults_closet_pinwheel_5,
          vaults_standard_mumra_enter_the_diamond,
          nicolae_vaults_surprise_closet, nicolae_vaults_trapezoid_lopsided_3,
          vaults_mumra_minichess, nicolae_vaults_shelves_hall,
          vaults_room_door_ring, vaults_room_grunt_arrival_ludios,
          nicolae_vaults_apartment_2, layout_vaults_ring, serial_shops,
          nicolae_shop_tiny_waterfront
Vaults:2: infiniplex_enter_wizlab_spiral, nicolae_vaults_shrinking_rooms_2,
          nicolae_vaults_taking_the_gang_shopping, nicolae_vaults_weapon_check,
          v_misc_17, nicolae_vaults_surprise_closet,
          nicolae_vaults_windows_and_doors_thing,
          nicolae_vaults_closet_pinwheel_1, vaults_dpeg_spiral, v_misc_17,
          nicolae_vaults_little_squares_1, layout_vaults_omnigrid
Vaults:3: nicolae_vaults_security_offices_5, vaults_mumra_lcd,
          nicolae_vaults_apartment_1, ontoclasm_vaults_bender,
          minmay_crypt_entry_skeletal_spiral, nicolae_vaults_network_periphery,
          ontoclasm_vaults_pinch, nicolae_vaults_more_shelving_1,
          nicolae_vaults_spaceships, nicolae_vaults_frosty_reception,
          nicolae_vaults_more_shelving_2, hangedman_vaults_nails,
          nicolae_vaults_little_squares_1, nicolae_vaults_trapezoid_3,
          layout_vaults_maze
Vaults:4: nicolae_vaults_lightning_bolt, nicolae_vaults_trapezoid_2,
          hangedman_vaults_stretched_pinwheel, hangedman_vaults_nodes,
          nicolae_vaults_alarming, vaults_room_fancy_cross,
          vaults_dpeg_encased_lava, nicolae_vaults_shipping_containers_7,
          nicolae_vaults_little_squares_6, layout_vaults_chaotic_city,
          uniq_norris, uniq_margery, uniq_bai_suzhen
Crypt:1:  layout_chaotic_city
Crypt:2:  layout_chaotic_city, uniq_jory, uniq_sojobo
Crypt:3:  evilmike_haunted_forest, uniq_khufu
Depths:1: abrahamwl_protected_by_tso_2, layout_cave_shapes, hell_entry,
          serial_shops, shop, shop, shop, shop, nicolae_shop_back_alley_shop,
          tso_metal_star, minivault_11, kennysheep_generic_room_8, uniq_asterion
Depths:2: minmay_guarded_unrand_guard, layout_basic, grunt_hell_horde,
          minmay_misc_feat_plants, abyss_entry, pan_entry,
          roderic_lattice_octagonal_star, minmay_staircase_windowed_small
Depths:3: hangedman_six_sided_sadism, layout_basic, enter_ziggurat_e,
          minmay_misc_feat_encased, pf_coc_iceberg, abyss_entry_flame_altar,
          kennysheep_generic_room_5
Depths:4: grunt_zot_entry_alcove, layout_gridlike, hell_entry,
          nicolae_hepliaklqana_ecumenical_no_more
Zot:1:    layout_cellular_growth, hangedman_zot_decor_tridents
Zot:2:    ebering_greatest_show_in_zot, layout_onion, nicolae_diode_quadrants,
          uniq_parghit
Zot:3:    layout_cathedral_of_symmetry, gammafunk_ghost_arena
Zot:4:    layout_twisted_circle
Zot:5:    layout_twisted_circle, grunt_ministairs_14, uniq_tiamat

Notes
Turn   | Place    | Note
-------+----------+-------------------------------------------
     0 | D:1      | scionoferis the Felid Shapeshifter began the quest for the
                  | Orb.
     0 | D:1      | Reached XP level 1. HP: 9/9 MP: 2/2
    65 | D:1      | Reached skill level 1 in Stealth
   130 | D:1      | Reached skill level 2 in Stealth
   166 | D:1      | Reached XP level 2. HP: 12/12 MP: 3/3
   522 | D:1      | Reached skill level 3 in Stealth
   620 | D:1      | Reached XP level 3. HP: 12/15 MP: 4/4
  1261 | D:2      | You fall into a shaft and drop 1 floor!
  1261 | D:3      | Found a faded altar of an unknown god.
  1359 | D:3      | Found a glowing drain.
  1374 | D:3      | Reached skill level 4 in Stealth
  1386 | Sewer    | Entered a sewer
  1395 | Sewer    | Reached skill level 4 in Shapeshifting
  1419 | Sewer    | Reached XP level 4. HP: 19/19 MP: 5/5
  1449 | Sewer    | Noticed Pargi
  1464 | Sewer    | Killed Pargi
  1465 | Sewer    | Reached skill level 5 in Stealth
  1465 | Sewer    | Reached XP level 5. HP: 22/22 MP: 6/6
  1902 | D:2      | Reached skill level 5 in Shapeshifting
  2247 | D:2      | Gained mutation: You are covered in thick fur. (AC +2)
                  | [Felid growth]
  2247 | D:2      | Reached XP level 6. HP: 24/26 MP: 7/7
  2580 | D:3      | Found an opulent altar of Gozag.
  2589 | D:3      | Became a worshipper of Gozag Ym Sagoz the Greedy
  2606 | D:3      | Found a runed translucent door.
  2779 | D:3      | Noticed Shayle's ghost (amateur OgSh)
  2819 | D:3      | Identified the +1 sling "Rosis" {flame, Str+5 Int+5 Stlth-}
  3311 | D:4      | Reached skill level 4 in Unarmed Combat
  3367 | D:4      | Mangled by an ogre
  3427 | D:4      | Reached skill level 2 in Fighting
  3745 | D:4      | Found a blossoming altar of Fedhas.
  3857 | D:5      | Entered Level 5 of the Dungeon
  3934 | D:5      | Reached XP level 7. HP: 30/30 MP: 8/8
  3994 | D:5      | HP: 1/30 [gnoll bouda/+0 whip (11)]
  3997 | D:5      | Reached skill level 5 in Unarmed Combat
  4304 | D:5      | Reached skill level 3 in Fighting
  4454 | D:5      | Noticed Ijyb
  4477 | D:5      | Found a white marble altar of Elyvilon.
  4483 | D:5      | HP: 2/31 [centaur/arrow (8)]
  4483 | D:5      | Shot with an arrow by a centaur
  4631 | D:5      | Found a sacrificial altar of Ru.
  4827 | D:5      | Reached skill level 6 in Shapeshifting
  4939 | D:5      | Reached skill level 6 in Unarmed Combat
  5253 | D:5      | Reached XP level 8. HP: 27/36 MP: 9/9
  5408 | D:5      | Killed Ijyb
  5409 | D:5      | Reached skill level 4 in Fighting
  5670 | D:3      | Killed Shayle's ghost
  5916 | D:6      | Reached skill level 7 in Unarmed Combat
  5992 | D:6      | Found a sparkling altar of Nemelex Xobeh.
  6078 | D:6      | Found a staircase to the Ecumenical Temple.
  6097 | Temple   | Entered the Ecumenical Temple
  6542 | D:6      | Reached skill level 7 in Shapeshifting
  6624 | D:6      | Reached skill level 5 in Fighting
  6672 | D:6      | Learned a level 2 spell: Call Imp
  6756 | D:7      | Reached skill level 3 in Dodging
  6756 | D:7      | Reached skill level 1 in Summonings
  6814 | D:7      | Reached skill level 8 in Unarmed Combat
  6814 | D:7      | Reached XP level 9. HP: 30/40 MP: 10/10
  6841 | D:7      | Reached skill level 2 in Summonings
  6930 | D:7      | Noticed a komodo dragon
  6957 | D:7      | HP: 4/40 [komodo dragon (23)]
  6959 | D:7      | Demolished by a komodo dragon
  6987 | D:7      | Noticed a cyan ugly thing
  7003 | D:7      | Reached skill level 4 in Dodging
  7125 | D:7      | Found an ornate altar of the Wu Jian Council.
  7243 | D:7      | Found a broken altar of Ashenzari.
  7243 | D:7      | Found a radiant altar of Vehumet.
  7249 | D:7      | Found an iron altar of Okawaru.
  7251 | D:7      | Found a faded altar of an unknown god.
  7252 | D:7      | Found a faded altar of an unknown god.
  7379 | D:8      | Reached skill level 3 in Summonings
  7637 | D:8      | Reached skill level 4 in Summonings
  7661 | D:8      | Reached skill level 5 in Dodging
  7698 | D:8      | Reached skill level 6 in Fighting
  7901 | D:8      | Reached skill level 5 in Summonings
  8004 | D:8      | Found a staircase to the Lair.
  8600 | D:7      | Reached XP level 10. HP: 44/45 MP: 11/11
  8629 | D:7      | Reached skill level 6 in Dodging
  8771 | D:7      | Noticed a moth of wrath
  8940 | D:7      | Reached skill level 9 in Unarmed Combat
  9050 | D:7      | Found a glowing golden altar of the Shining One.
  9124 | D:7      | Found a bloodstained altar of Trog.
  9414 | D:7      | Found a burning altar of Makhleb.
  9415 | D:7      | Noticed a balrug
  9419 | D:7      | Found a glowing silver altar of Zin.
  9419 | D:7      | Noticed an angel
  9560 | D:9      | Noticed a cyclops
  9604 | D:9      | Killed a cyclops
  9605 | D:9      | Reached skill level 7 in Fighting
  9661 | D:9      | Reached skill level 6 in Summonings
  9856 | D:9      | Reached skill level 7 in Dodging
  9951 | D:9      | Found a basalt altar of Yredelemnul.
  9992 | D:9      | Reached skill level 8 in Fighting
 10048 | D:9      | Found a shimmering blue altar of Sif Muna.
 10303 | D:9      | Noticed a two-headed ogre
 10312 | D:9      | Killed a two-headed ogre
 10313 | D:9      | Reached skill level 8 in Dodging
 10470 | D:9      | Reached skill level 7 in Summonings
 10822 | D:9      | Reached skill level 9 in Fighting
 11056 | D:10     | Entered Level 10 of the Dungeon
 11077 | D:10     | Reached XP level 11. HP: 53/53 MP: 12/12
 11159 | D:10     | Reached skill level 10 in Unarmed Combat
 11412 | D:10     | Identified the +7 spear of Doom {freeze, Fly rN+ Dex-4}
 11596 | D:10     | Noticed a green ugly thing
 12217 | D:11     | Noticed Josephine
 12280 | D:11     | Noticed a two-headed ogre
 12480 | D:11     | Found Tyosenyp's Vocational Training.
 12639 | D:11     | Killed a two-headed ogre
 12640 | D:11     | Reached skill level 9 in Dodging
 12640 | D:11     | Reached skill level 8 in Summonings
 12739 | D:10     | Reached skill level 10 in Fighting
 12854 | D:10     | Reached skill level 1 in Spellcasting
 13156 | D:11     | Found a staircase to the Orcish Mines.
 13445 | D:11     | Killed Josephine
 13446 | D:11     | Reached skill level 2 in Spellcasting
 13810 | D:11     | Noticed a boulder beetle
 13815 | D:11     | Noticed a boulder beetle
 13839 | D:11     | Killed a boulder beetle
 13840 | D:11     | Reached skill level 10 in Dodging
 13860 | D:11     | Killed a boulder beetle
 13861 | D:11     | Reached skill level 11 in Fighting
 14197 | D:12     | Reached skill level 3 in Spellcasting
 14197 | D:12     | Gained mutation: Your thick and shaggy fur keeps you warm.
                  | (AC +3, rC+) [Felid growth]
 14197 | D:12     | Reached XP level 12. HP: 60/60 MP: 17/17
 14720 | D:12     | Reached skill level 11 in Unarmed Combat
 14936 | D:12     | Reached skill level 9 in Summonings
 15334 | D:12     | HP: 2/60 [red ugly thing (13)]
 16143 | D:8      | Learned a level 4 spell: Summon Ice Beast
 16145 | Lair:1   | Entered Level 1 of the Lair of Beasts
 16171 | Lair:1   | Reached skill level 4 in Spellcasting
 16451 | D:8      | Reached skill level 11 in Dodging
 16451 | D:8      | Reached skill level 1 in Ice Magic
 16595 | Lair:1   | Reached skill level 12 in Fighting
 16913 | Lair:1   | Noticed a boulder beetle
 17187 | Lair:1   | Reached skill level 2 in Ice Magic
 17274 | Lair:1   | Killed a boulder beetle
 18495 | Lair:2   | Reached skill level 3 in Ice Magic
 18515 | Lair:2   | Reached skill level 5 in Spellcasting
 18520 | Lair:2   | Reached XP level 13. HP: 59/65 MP: 10/21
 19013 | Lair:2   | Reached skill level 4 in Ice Magic
 19019 | Lair:2   | Reached skill level 10 in Summonings
 19213 | Lair:2   | Reached skill level 12 in Dodging
 19372 | Lair:2   | Reached skill level 13 in Fighting
 20331 | Lair:3   | Found a staircase to the Swamp.
 20386 | Lair:3   | Reached skill level 1 in Evocations
 20436 | Lair:3   | Found a staircase to the Snake Pit.
 20542 | Lair:3   | Reached skill level 12 in Unarmed Combat
 21033 | Lair:3   | Reached skill level 2 in Evocations
 21740 | Lair:4   | Found a dark tunnel.
 21750 | Volcano  | Entered a volcano
 21837 | Volcano  | Reached skill level 6 in Stealth
 21874 | Volcano  | Reached skill level 6 in Spellcasting
 22458 | Lair:4   | Reached skill level 3 in Evocations
 22764 | Lair:4   | Reached skill level 8 in Shapeshifting
 23025 | Lair:4   | Found a viscous altar of Jiyva.
 23025 | Lair:4   | Found a staircase to the Slime Pits.
 23411 | Lair:4   | Reached XP level 14. HP: 59/70 MP: 24/24
 23481 | Lair:4   | Reached skill level 9 in Shapeshifting
 24214 | Lair:5   | Entered Level 5 of the Lair of Beasts
 24876 | Lair:5   | Reached skill level 7 in Stealth
 25012 | Lair:5   | Reached skill level 13 in Dodging
 25832 | Lair:5   | Got Zaymupus's Omnibus of Alluring Ectoplasm
 26157 | Lair:5   | Reached skill level 14 in Fighting
 26205 | Lair:5   | Reached skill level 8 in Stealth
 26205 | Lair:5   | Reached skill level 11 in Summonings
 26602 | Lair:5   | Found a corrupted altar of Lugonu.
 26608 | Lair:5   | Reached skill level 7 in Spellcasting
 26635 | Lair:5   | Found a one-way gate to the infinite horrors of the Abyss.
 27448 | Orc:1    | Entered Level 1 of the Orcish Mines
 27928 | Orc:2    | Entered Level 2 of the Orcish Mines
 27977 | Orc:2    | Found a staircase to the Elven Halls.
 28037 | Orc:2    | Reached skill level 10 in Shapeshifting
 28351 | Orc:2    | Found Ableph's Book Emporium.
 28949 | Orc:2    | Identified a +1 robe of resistance
 29162 | Orc:2    | Reached skill level 9 in Stealth
 29302 | Orc:2    | Reached skill level 13 in Unarmed Combat
 29660 | Orc:2    | Found Boapit's Book Emporium.
 29668 | Orc:2    | Found Erchixt's Antique Armour Shop.
 29672 | Orc:2    | Found Xavvyloh's Armour Shop.
 30044 | Orc:1    | Noticed an orc warlord
 30116 | Orc:2    | Bought a book of Spatial Translocations for 288 gold pieces
 30120 | Orc:2    | Learned a level 2 spell: Blink
 30596 | Orc:2    | Killed an orc warlord
 30597 | Orc:2    | Reached skill level 1 in Translocations
 30597 | Orc:2    | Reached XP level 15. HP: 34/75 MP: 11/26
 31057 | D:13     | Got Sif Muna's Teachings on Rancid Nonlocality
 31413 | D:13     | Reached skill level 2 in Translocations
 31737 | D:13     | Reached skill level 14 in Dodging
 31972 | D:13     | Reached skill level 3 in Translocations
 32108 | D:13     | Noticed a tengu reaver
 32181 | D:13     | Found a shimmering altar of Xom.
 32457 | D:13     | Noticed a fire giant
 32655 | D:14     | Reached skill level 4 in Translocations
 33304 | D:14     | Found a gate to the Vaults.
 33325 | D:14     | HP: 2/75 [vault guard/+1 bardiche of venom (6)]
 33326 | D:14     | Succumbed to a vault guard's poison
 33866 | D:14     | Reached skill level 5 in Translocations
 34239 | D:14     | Reached skill level 10 in Stealth
 34481 | D:15     | Entered Level 15 of the Dungeon
 34503 | D:15     | Noticed Rupert
 34545 | D:15     | Learned a level 4 spell: Passage of Golubria
 34657 | D:15     | HP: 5/75 [Rupert/+0 heavy great mace (29)]
 34659 | D:15     | Killed Rupert
 34660 | D:15     | Reached skill level 6 in Translocations
 35108 | D:15     | Noticed Kirke
 35440 | D:15     | Found a shimmering blue altar of Sif Muna.
 35551 | D:15     | Found a sparkling altar of Nemelex Xobeh.
 35791 | D:15     | Reached skill level 7 in Translocations
 35809 | D:15     | Killed Kirke
 35946 | D:15     | Reached skill level 12 in Summonings
 36164 | D:15     | Upgraded the game from 0.31-a0-703-gcfe89afef6 to
                  | 0.31-a0-705-ga145531891
 36199 | D:15     | Reached skill level 8 in Translocations
 36511 | D:15     | Found a staircase to the Depths.
 36571 | D:15     | Found a white marble altar of Elyvilon.
 37320 | D:15     | Reached skill level 9 in Translocations
 37325 | D:15     | Learned a level 4 spell: Manifold Assault
 37582 | Orc:2    | Bought a book of the Wilderness for 532 gold pieces
 37590 | Orc:2    | Learned a level 6 spell: Summon Cactus Giant
 39589 | D:15     | Reached skill level 14 in Unarmed Combat
 39705 | D:15     | Reached XP level 16. HP: 36/79 MP: 15/28
 39896 | D:15     | Reached skill level 10 in Translocations
 40555 | D:15     | Reached skill level 13 in Summonings
 40733 | D:15     | Learned a level 4 spell: Summon Lightning Spire
 40800 | D:15     | Killed from afar by a deep troll earth mage
 40891 | D:15     | Reached skill level 4 in Evocations
 41434 | D:15     | Reached skill level 1 in Air Magic
 41590 | D:15     | Found the brooch of Shielding {Spirit SH+8}
 41612 | D:15     | Noticed a tengu reaver
 41989 | D:15     | Shot with a bolt by a yaktaur captain
 42263 | Snake:1  | Entered Level 1 of the Snake Pit
 42919 | Snake:1  | Found Jihotsull's Weapon Boutique.
 42919 | Snake:1  | Found Sipot's General Store.
 42935 | Snake:1  | Bought a scroll of identify for 28 gold pieces
 42935 | Snake:1  | Bought a scroll of identify for 28 gold pieces
 42935 | Snake:1  | Bought a scroll of identify for 28 gold pieces
 42945 | Snake:1  | Identified a scroll of acquirement
 42948 | Snake:1  | Acquired the amulet of Jyemewk {Reflect Rampage rElec SH+5}
 43079 | Snake:1  | Reached skill level 2 in Air Magic
 43652 | Snake:1  | Reached skill level 8 in Spellcasting
 44241 | Snake:2  | Reached skill level 5 in Evocations
 45246 | Snake:2  | Reached skill level 3 in Air Magic
 45804 | Snake:2  | Reached skill level 6 in Evocations
 45908 | Snake:2  | Reached skill level 4 in Air Magic
 46127 | Snake:2  | Found Gorim's Weapon Shop.
 46394 | Snake:1  | HP: 7/79 [poisoned by a sea snake]
 46399 | Snake:1  | HP: 4/79 [poisoned by a sea snake]
 46844 | Snake:2  | Noticed Mlioglotl
 46938 | Snake:2  | Killed Mlioglotl
 47045 | Snake:2  | Reached skill level 5 in Air Magic
 47662 | Snake:2  | Noticed Donald
 47708 | Snake:2  | Killed Donald
 48574 | Snake:2  | Identified 5 potions of resistance
 49039 | D:8      | Bought a scroll of blinking for 97 gold pieces
 49039 | D:8      | Bought a scroll of identify for 26 gold pieces
 49046 | D:8      | Bought the ring of the Red Skies {rElec rF+ MP+9 Int+5} for
                  | 752 gold pieces
 49273 | Snake:3  | Reached skill level 9 in Spellcasting
 49343 | Snake:3  | Reached XP level 17. HP: 74/83 MP: 28/31
 49506 | Snake:3  | Reached skill level 14 in Summonings
 50221 | Snake:3  | Reached skill level 15 in Unarmed Combat
 50221 | Snake:3  | Reached skill level 11 in Shapeshifting
 50325 | Snake:3  | Noticed Roxanne
 50871 | Snake:4  | Entered Level 4 of the Snake Pit
 51132 | Snake:4  | Acquired a ring of flight
 52015 | Snake:4  | Reached skill level 15 in Dodging
 53136 | Snake:4  | Reached skill level 12 in Shapeshifting
 53955 | Snake:4  | Got a serpentine rune of Zot
 55240 | Swamp:1  | Entered Level 1 of the Swamp
 55358 | Swamp:1  | Reached skill level 10 in Spellcasting
 55436 | Swamp:1  | Identified the +1 short sword of the Beastly God {venom,
                  | *Corrode rElec SInv}
 56460 | Swamp:1  | Noticed Jorgrun
 56489 | Swamp:1  | Killed Jorgrun
 57144 | Swamp:2  | Reached skill level 13 in Shapeshifting
 57860 | Swamp:2  | Reached XP level 18. HP: 69/87 MP: 22/33
 58479 | Swamp:3  | Reached skill level 16 in Dodging
 58898 | Swamp:3  | Found a transporter.
 58904 | Swamp:3  | Noticed Ylluogh's ghost (adept GnWn)
 58908 | Swamp:3  | Found a transporter.
 59978 | Swamp:3  | Reached skill level 16 in Unarmed Combat
 61740 | D:15     | Identified the staff of the Crawling Thing {rF+ Stlth+
                  | Fire}
 62597 | D:8      | Bought a book of Cantrips for 132 gold pieces
 62600 | D:8      | Learned a level 1 spell: Apportation
 62700 | Swamp:4  | Entered Level 4 of the Swamp
 63210 | Swamp:3  | Reached skill level 14 in Shapeshifting
 65364 | Swamp:4  | Reached skill level 17 in Dodging
 66526 | Swamp:4  | Reached skill level 15 in Shapeshifting
 67256 | Swamp:4  | Identified the +0 ring mail of Spaghetti {Rampage Str-2
                  | SInv Stlth-}
 68341 | Swamp:4  | Found a blossoming altar of Fedhas.
 68966 | Swamp:4  | Found a basalt altar of Yredelemnul.
 69119 | Swamp:4  | Got a decaying rune of Zot
 69794 | D:8      | Upgraded the game from 0.31-a0-705-ga145531891 to
                  | 0.31-a0-716-gc7603755dd
 69988 | D:11     | Bought a manual of Evocations for 1440 gold pieces
 70128 | D:8      | Bought a granite talisman for 880 gold pieces
 70283 | Elf:1    | Entered Level 1 of the Elven Halls
 70378 | Elf:1    | Found a crumbling gateway.
 70420 | Desolati | Entered the Desolation of Salt
 70449 | Desolati | Reached XP level 19. HP: 43/91 MP: 8/34
 70821 | Desolati | Reached skill level 17 in Unarmed Combat
 70836 | Desolati | Reached skill level 16 in Shapeshifting
 70928 | Desolati | Reached skill level 18 in Dodging
 71559 | Desolati | Found the +3 robe of Clouds {*Thunder rCloud rElec}
 71728 | Desolati | Identified the +1 robe "Paewaps" {Str+2}
 71773 | Desolati | Identified the ring "Udwifem" {rN+ Str+3 Dex+6}
 72641 | Elf:1    | Found Feijeat's Magic Scroll Emporium.
 72660 | Elf:1    | Reached skill level 11 in Stealth
 72792 | Elf:1    | Bought a scroll of blinking for 112 gold pieces
 72792 | Elf:1    | Bought a scroll of teleportation for 45 gold pieces
 72792 | Elf:1    | Bought a scroll of teleportation for 45 gold pieces
 72792 | Elf:1    | Bought a scroll of fog for 60 gold pieces
 72792 | Elf:1    | Bought 3 scrolls of identify for 90 gold pieces
 72880 | Elf:1    | Identified the ring "Ucloijoc" {Ice MP+9 Int+4 Dex+2}
 72883 | Elf:1    | Found Rogg's Armour Shop.
 73313 | Elf:1    | Found Dekusir's Magic Scroll Shoppe.
 73971 | Elf:2    | Reached skill level 17 in Shapeshifting
 74810 | Elf:2    | Reached skill level 12 in Stealth
 74857 | Elf:2    | Found a runed translucent gate.
 74858 | Elf:2    | Found a runed translucent gate.
 74858 | Elf:2    | Found a runed translucent gate.
 75055 | Elf:3    | Entered Level 3 of the Elven Halls
 75139 | Elf:3    | Reached XP level 20. HP: 96/96 MP: 35/35
 75621 | Elf:3    | Identified the +10 dagger "Piudizxu" {pain, *Corrode rElec
                  | rPois}
 75622 | Elf:3    | Identified the +12 long sword "Kaafulo" {flame, rElec Will-
                  | Str+9 Int+3}
 75678 | Elf:3    | Found an ancient bone altar of Kikubaaqudgha.
 76038 | Vaults:1 | Entered Level 1 of the Vaults
 76170 | Vaults:1 | Found Xeycwe's Antique Armour Shop.
 76228 | Vaults:1 | Reached skill level 15 in Fighting
 76478 | Vaults:1 | Reached skill level 18 in Shapeshifting
 76482 | Vaults:1 | Reached skill level 13 in Stealth
 76510 | Vaults:1 | Reached skill level 18 in Unarmed Combat
 77557 | Vaults:2 | Found Buguf's Armour Emporium.
 77610 | Vaults:2 | Found a magical portal.
 77623 | WizLab   | Entered Cigotuvi's Fleshworks
 77674 | WizLab   | Reached skill level 14 in Stealth
 78173 | WizLab   | Identified the amulet "Emotios" {RegenMP *Corrode Will-
                  | Str+5 Int+3}
 78217 | WizLab   | Reached skill level 19 in Shapeshifting
 78417 | WizLab   | Learned a level 2 spell: Passwall
 78920 | WizLab   | Got Cigotuvi's Book of Evil Vicissitude
 79321 | WizLab   | Gained mutation: You are frail. (-10% HP) [mutagenic glow]
 79338 | WizLab   | Gained mutation: You are very frail. (-20% HP) [mutagenic
                  | glow]
 79353 | WizLab   | Gained mutation: You occasionally lose the ability to drink
                  | potions when taking damage. [mutagenic glow]
 79369 | WizLab   | Gained mutation: Your spells are a little easier to cast,
                  | but a little less powerful. [mutagenic glow]
 79380 | WizLab   | Gained mutation: You are extremely frail. (-30% HP)
                  | [mutagenic glow]
 79392 | WizLab   | Gained mutation: Your muscles are strong. (Str +4, Int/Dex
                  | -1) [mutagenic glow]
 79397 | WizLab   | Gained mutation: Your magical capacity is low. (-10% MP)
                  | [mutagenic glow]
 79410 | WizLab   | Gained mutation: You occasionally lose the ability to read
                  | scrolls when taking damage. [mutagenic glow]
 79423 | WizLab   | Gained mutation: You occasionally shout uncontrollably at
                  | your foes. [mutagenic glow]
 79434 | WizLab   | Gained mutation: Your system is resistant to poisons.
                  | (rPois) [mutagenic glow]
 79477 | WizLab   | Lost mutation: Your magical capacity is low. (-10% MP)
                  | [potion of mutation]
 79477 | WizLab   | Lost mutation: You occasionally lose the ability to read
                  | scrolls when taking damage. [potion of mutation]
 79477 | WizLab   | Lost mutation: You are extremely frail. (-30% HP) [potion
                  | of mutation]
 79477 | WizLab   | Gained mutation: Your mind is acute. (Int +4, Str/Dex -1)
                  | [potion of mutation]
 79477 | WizLab   | Gained mutation: A frigid envelope surrounds you and
                  | freezes all who hurt you. [potion of mutation]
 79477 | WizLab   | Lost mutation: A frigid envelope surrounds you and freezes
                  | all who hurt you. [potion of mutation]
 79478 | WizLab   | Lost mutation: Your system is resistant to poisons. (rPois)
                  | [potion of mutation]
 79478 | WizLab   | Lost mutation: Your muscles are strong. (Str +4, Int/Dex
                  | -1) [potion of mutation]
 79478 | WizLab   | Lost mutation: Your mind is acute. (Int +4, Str/Dex -1)
                  | [potion of mutation]
 79479 | WizLab   | Lost mutation: You are very frail. (-20% HP) [potion of
                  | mutation]
 79479 | WizLab   | Lost mutation: You are frail. (-10% HP) [potion of
                  | mutation]
 79479 | WizLab   | Gained mutation: You have a pair of small horns on your
                  | head. [potion of mutation]
 79480 | WizLab   | Lost mutation: You occasionally lose the ability to drink
                  | potions when taking damage. [potion of mutation]
 79480 | WizLab   | Lost mutation: You occasionally shout uncontrollably at
                  | your foes. [potion of mutation]
 79480 | WizLab   | Lost mutation: You have a pair of small horns on your head.
                  | [potion of mutation]
 79480 | WizLab   | Gained mutation: You are frail. (-10% HP) [potion of
                  | mutation]
 79480 | WizLab   | Gained mutation: You occasionally lose the ability to read
                  | scrolls when taking damage. [potion of mutation]
 79480 | WizLab   | Gained mutation: You are partially covered in iridescent
                  | scales. (AC +2) [potion of mutation]
 79481 | WizLab   | Lost mutation: You are frail. (-10% HP) [potion of
                  | mutation]
 79481 | WizLab   | Lost mutation: Your spells are a little easier to cast, but
                  | a little less powerful. [potion of mutation]
 79481 | WizLab   | Lost mutation: You are partially covered in iridescent
                  | scales. (AC +2) [potion of mutation]
 79481 | WizLab   | Gained mutation: You are clumsy. (Dex -2) [potion of
                  | mutation]
 79481 | WizLab   | Gained mutation: Your flesh is heat resistant. (rF+)
                  | [potion of mutation]
 79481 | WizLab   | Gained mutation: You are robust. (+10% HP) [potion of
                  | mutation]
 79481 | WizLab   | Gained mutation: You have a pair of small horns on your
                  | head. [potion of mutation]
 79557 | WizLab   | Lost mutation: You have a pair of small horns on your head.
                  | [potion of mutation]
 79557 | WizLab   | Lost mutation: You are robust. (+10% HP) [potion of
                  | mutation]
 79557 | WizLab   | Gained mutation: You occasionally lose the ability to drink
                  | potions when taking damage. [potion of mutation]
 79557 | WizLab   | Lost mutation: You occasionally lose the ability to drink
                  | potions when taking damage. [potion of mutation]
 79557 | WizLab   | Gained mutation: Your spells are a little easier to cast,
                  | but a little less powerful. [potion of mutation]
 79558 | WizLab   | Lost mutation: You occasionally lose the ability to read
                  | scrolls when taking damage. [potion of mutation]
 79558 | WizLab   | Lost mutation: Your flesh is heat resistant. (rF+) [potion
                  | of mutation]
 79558 | WizLab   | Gained mutation: You are somewhat resistant to further
                  | mutation. [potion of mutation]
 79559 | WizLab   | Lost mutation: You are somewhat resistant to further
                  | mutation. [potion of mutation]
 79559 | WizLab   | Lost mutation: You are clumsy. (Dex -2) [potion of
                  | mutation]
 79559 | WizLab   | Gained mutation: You are weak. (Str -2) [potion of
                  | mutation]
 79559 | WizLab   | Gained mutation: Your body sometimes deteriorates upon
                  | taking damage. [potion of mutation]
 79560 | WizLab   | Lost mutation: You are weak. (Str -2) [potion of mutation]
 79560 | WizLab   | Lost mutation: Your spells are a little easier to cast, but
                  | a little less powerful. [potion of mutation]
 79560 | WizLab   | Lost mutation: Your body sometimes deteriorates upon taking
                  | damage. [potion of mutation]
 79560 | WizLab   | Gained mutation: You occasionally lose the ability to drink
                  | potions when taking damage. [potion of mutation]
 79560 | WizLab   | Gained mutation: You possess an exceptional clarity of
                  | mind. [potion of mutation]
 80486 | Vaults:2 | Reached XP level 21. HP: 100/100 MP: 28/36
 80662 | Vaults:2 | Reached skill level 15 in Stealth
 81339 | Vaults:2 | Reached skill level 7 in Evocations
 82927 | Elf:3    | Reached skill level 8 in Evocations
 83005 | Elf:3    | Reached skill level 19 in Unarmed Combat
 83017 | Elf:3    | Reached skill level 20 in Shapeshifting
 83153 | Elf:3    | Identified the +4 scale mail of the Desolation of Salt
                  | {rC++}
 83153 | Elf:3    | Identified the ring of Hepliaklqana's Favour {Int+3 Dex+6}
 83153 | Elf:3    | Identified the amulet "Bamuhe Nauso" {RegenMP Int+2}
 83210 | Elf:3    | Identified the +10 glaive of Valour {flame, rF+ Str+2}
 83210 | Elf:3    | Identified the ring "Jija" {rF+ Will+ Str+2 Int-5 Dex+4}
 83211 | Elf:3    | Identified the +0 trident of Ru {elec, Dex+3}
 83221 | Elf:3    | Reached skill level 9 in Evocations
 83733 | Elf:3    | Got the Verses on Metallic Bruises
 83735 | Elf:3    | Identified the +1 flail of Vaiz {freeze, Dex+6}
 84190 | Elf:3    | Got the Teachings on Chilblains and Ouranomancy
 84647 | Elf:2    | Reached skill level 10 in Evocations
 86317 | Snake:3  | Killed Roxanne
 87096 | Vaults:3 | Found a staircase to the Crypt.
 87460 | Vaults:3 | Reached skill level 11 in Evocations
 88102 | Vaults:3 | Reached skill level 21 in Shapeshifting
 88613 | Vaults:3 | Identified the +11 great mace "Haqopeb" {pain, Will+ Dex+3}
 88619 | Vaults:3 | Reached XP level 22. HP: 68/105 MP: 2/37
 88648 | Vaults:3 | Reached skill level 12 in Evocations
 89946 | Vaults:4 | HP: 9/132 [war gargoyle/spray of metal splinters[a
                  | peacekeeper] (13)]
 89948 | Vaults:4 | Killed from afar by a war gargoyle
 90610 | Vaults:4 | Noticed Bai Suzhen
 90848 | Vaults:4 | Reached skill level 20 in Unarmed Combat
 91123 | Vaults:4 | Got the Vademecum on Scree and Hoarfrost
 91135 | Vaults:4 | Noticed Norris
 91196 | Vaults:4 | Killed Norris
 91742 | Vaults:4 | Noticed Margery
 91766 | Vaults:4 | Reached skill level 22 in Shapeshifting
 91795 | Vaults:4 | Killed Margery
 92570 | Vaults:4 | Killed Bai Suzhen
 93390 | Depths:1 | Entered Level 1 of the Depths
 93395 | Depths:1 | Found a gateway to Hell.
 93416 | Depths:1 | Found a glowing golden altar of the Shining One.
 93708 | Depths:1 | Found Vivinwem's Antique Armour Shop.
 93795 | Depths:1 | Found Werhoqy's Jewellery Boutique.
 93799 | Depths:1 | Found Iryevuh's Armour Shoppe.
 93809 | Depths:1 | Bought the ring "Xoduam" {rF+ rN+ Will+ Int+5} for 859 gold
                  | pieces
 93973 | Depths:1 | Found Tuyj's Antique Weapon Shop.
 94005 | Depths:1 | Noticed Asterion
 94037 | Depths:1 | Killed Asterion
 94192 | Depths:1 | Found a glowing golden altar of the Shining One.
 94297 | Depths:1 | Found Lurud's Antique Armour Boutique.
 94705 | Depths:2 | Found a one-way gate leading to the halls of Pandemonium.
 95322 | Depths:2 | Noticed a caustic shrike
 95343 | Depths:2 | Killed a caustic shrike
 95353 | Depths:2 | Noticed a caustic shrike
 95357 | Depths:2 | Reached skill level 23 in Shapeshifting
 95528 | Depths:2 | Killed a caustic shrike
 96008 | Depths:2 | Reached XP level 23. HP: 108/108 MP: 38/38
 96181 | Depths:2 | Found the +5 glaive of the Guard {elec, spectral, AC+5}
 97270 | Depths:3 | Reached skill level 21 in Unarmed Combat
 97995 | Depths:3 | Reached skill level 15 in Summonings
 98329 | Depths:3 | Got the Precepts of Nonlocality
 98346 | Depths:3 | Got the Lessons on Morbid Portals
 99138 | Depths:3 | Found a corrupted altar of Lugonu.
 99148 | Depths:3 | Found a one-way gateway to a ziggurat.
100113 | Depths:4 | Entered Level 4 of the Depths
100600 | Depths:4 | Found a faded altar of an unknown god.
100732 | Depths:4 | Reached skill level 16 in Summonings
100741 | Depths:4 | Found a faded altar of an unknown god.
100792 | Depths:4 | Found a hazy altar of Hepliaklqana.
100896 | Depths:4 | Reached skill level 16 in Fighting
101388 | Depths:4 | Found a gate to the Realm of Zot.
102687 | Orc:2    | Bought a Fen Folio for 672 gold pieces
102967 | Swamp:3  | Learned a level 5 spell: Summon Forest
102976 | Swamp:3  | Reached XP level 24. HP: 115/115 MP: 35/38
102987 | Swamp:3  | Killed Ylluogh's ghost
102988 | Swamp:3  | Reached skill level 17 in Summonings
103426 | Crypt:1  | Entered Level 1 of the Crypt
104762 | Crypt:2  | Reached skill level 22 in Unarmed Combat
105170 | Crypt:2  | Noticed Jory
105170 | Crypt:2  | Identified a +0 buckler of resistance
105171 | Crypt:2  | Noticed Sojobo
105223 | Crypt:2  | Killed Jory
105241 | Crypt:2  | Killed Sojobo
106167 | Crypt:3  | Entered Level 3 of the Crypt
106240 | Crypt:3  | Reached skill level 17 in Fighting
106240 | Crypt:3  | Reached skill level 18 in Summonings
106343 | Crypt:3  | Noticed an ancient lich
106349 | Crypt:3  | Killed an ancient lich
106367 | Crypt:3  | Got the Commentary on Anathema
106644 | Crypt:3  | Found an ancient bone altar of Kikubaaqudgha.
106800 | Crypt:3  | Reached skill level 11 in Translocations
107185 | Crypt:3  | Noticed Khufu
107186 | Crypt:3  | Noticed a royal mummy
107333 | Crypt:3  | Noticed a royal mummy
107339 | Crypt:3  | Killed a royal mummy
107359 | Crypt:3  | Killed a royal mummy
107376 | Crypt:3  | Killed Khufu
107705 | Crypt:3  | Identified the ring of Umpuis Guce {rN+ Str+4}
107705 | Crypt:3  | Identified the ring of Nici Nuu {rF+ rN+ Str+3}
107924 | Crypt:3  | Found a staircase to the Tomb.
108127 | Crypt:3  | Noticed a curse skull
108151 | Crypt:3  | Killed a curse skull
108259 | Crypt:3  | Noticed a curse skull
108261 | Crypt:3  | Killed a curse skull
108276 | Crypt:3  | Identified the +1 hand axe of Wounding {spect, *Slow rPois
                  | rC+ rCorr}
109578 | Slime:1  | Entered Level 1 of the Pits of Slime
110197 | Slime:2  | Noticed Dissolution
110205 | Slime:2  | Killed Dissolution
110206 | Slime:2  | Reached skill level 19 in Summonings
110206 | Slime:2  | Reached skill level 12 in Translocations
110323 | Slime:2  | Reached XP level 25. HP: 115/121 MP: 4/38
110909 | Slime:1  | Lost mutation: You possess an exceptional clarity of mind.
                  | [a shining eye]
114684 | D:8      | Learned a level 7 spell: Summon Hydra
114916 | Slime:5  | Entered Level 5 of the Pits of Slime
114920 | Slime:5  | Reached skill level 13 in Evocations
115144 | Slime:5  | Gained mutation: You have hidden genetic defects. [a
                  | shining eye]
115263 | Slime:4  | Upgraded the game from 0.31-a0-716-gc7603755dd to
                  | 0.31-a0-728-g01b46875f1
116705 | Slime:5  | Reached skill level 13 in Translocations
117009 | Slime:5  | Found a viscous altar of Jiyva.
117285 | Slime:5  | Noticed the Royal Jelly
117330 | Slime:5  | Killed the Royal Jelly
117331 | Slime:5  | Reached skill level 18 in Fighting
118140 | Slime:5  | Found the -2 hat of the Alchemist {rElec rPois rF+ rC+ rN+
                  | Will+ rMut rCorr}
118329 | Slime:5  | Identified the ring of Vabao {rN++ Str-4 Int+4 Dex+6}
118548 | Slime:5  | Got a slimy rune of Zot
118550 | Slime:5  | Got Sif Muna's Textbook on Conduction
118770 | Slime:5  | Identified the staff "Embalmer" {rC- rN+ Int+4 Dex+2 SInv
                  | Necro}
118771 | Slime:5  | Identified the +8 mace of the Purse {flame, Drain Dex+3}
119020 | D:8      | Learned a level 7 spell: Malign Gateway
119027 | D:8      | Acquired the amulet of Asen {Regen+ Str+5 Slay+2}
119457 | Zot:1    | Entered Level 1 of the Realm of Zot
119529 | Zot:1    | Gained mutation: You are vulnerable to heat. (rF-) [hidden
                  | defects]
119575 | Depths:4 | Lost mutation: You occasionally lose the ability to drink
                  | potions when taking damage. [potion of mutation]
119575 | Depths:4 | Lost mutation: You are vulnerable to heat. (rF-) [potion of
                  | mutation]
119575 | Depths:4 | Lost mutation: You have hidden genetic defects. [potion of
                  | mutation]
119575 | Depths:4 | Gained mutation: You occasionally lose the ability to drink
                  | potions when taking damage. [potion of mutation]
119575 | Depths:4 | Gained mutation: Your muscles are strong. (Str +4, Int/Dex
                  | -1) [potion of mutation]
119819 | Zot:1    | Reached skill level 20 in Summonings
119819 | Zot:1    | Reached skill level 14 in Evocations
119975 | Zot:1    | Noticed a curse toe
119986 | Zot:1    | Killed a curse toe
120401 | Zot:2    | Reached skill level 23 in Unarmed Combat
120402 | Zot:2    | Reached skill level 14 in Translocations
120572 | Zot:2    | Noticed a Killer Klown
120572 | Zot:2    | Noticed a Killer Klown
120578 | Zot:2    | Noticed a Killer Klown
120580 | Zot:2    | Killed a Killer Klown
120584 | Zot:2    | Killed a Killer Klown
120586 | Zot:2    | Noticed a Killer Klown
120771 | Zot:2    | Killed a Killer Klown
120796 | Zot:2    | Killed a Killer Klown
120797 | Zot:2    | Reached skill level 15 in Translocations
121205 | Zot:2    | Noticed a curse toe
121214 | Zot:2    | Killed a curse toe
121314 | Zot:2    | Found a transporter.
121315 | Zot:2    | Found a transporter.
121317 | Zot:2    | Found a transporter.
121352 | Zot:2    | Found a transporter.
121930 | Zot:3    | Reached skill level 15 in Evocations
122251 | Zot:3    | Reached skill level 11 in Spellcasting
122281 | Zot:3    | Reached XP level 26. HP: 106/126 MP: 11/39
122285 | Zot:3    | Noticed an orb of fire
122292 | Zot:3    | Gained mutation: You are clumsy. (Dex -2) [an orb of fire]
122417 | Zot:2    | Gained mutation: Your magical capacity is low. (-10% MP)
                  | [an orb of fire]
122423 | Zot:2    | Gained mutation: Your body sometimes deteriorates upon
                  | taking damage. [an orb of fire]
122424 | Zot:2    | Killed an orb of fire
122501 | Zot:3    | Noticed a curse toe
122650 | Zot:3    | Acquired 504 gold pieces
122746 | Zot:3    | Found a transporter.
122746 | Zot:3    | Noticed ragingrage's ghost (veteran DrSh)
123019 | Zot:3    | Found a transporter.
123816 | Zot:4    | Noticed an orb of fire
123924 | Zot:4    | Gained mutation: Your spells are a little easier to cast,
                  | but a little less powerful. [an orb of fire]
123930 | Zot:4    | Killed an orb of fire
123931 | Zot:4    | Reached skill level 12 in Spellcasting
123931 | Zot:4    | Reached skill level 16 in Evocations
123963 | Zot:3    | Lost mutation: Your muscles are strong. (Str +4, Int/Dex
                  | -1) [potion of mutation]
123963 | Zot:3    | Lost mutation: Your body sometimes deteriorates upon taking
                  | damage. [potion of mutation]
123963 | Zot:3    | Gained mutation: You occasionally shout uncontrollably at
                  | your foes. [potion of mutation]
123963 | Zot:3    | Gained mutation: You passively map a small area around you.
                  | [potion of mutation]
123963 | Zot:3    | Gained mutation: You are robust. (+10% HP) [potion of
                  | mutation]
123964 | Zot:3    | Lost mutation: You passively map a small area around you.
                  | [potion of mutation]
123964 | Zot:3    | Lost mutation: You occasionally lose the ability to drink
                  | potions when taking damage. [potion of mutation]
123964 | Zot:3    | Gained mutation: You are occasionally teleported next to
                  | monsters. [potion of mutation]
123964 | Zot:3    | Gained mutation: You expend magic power (3 MP) to
                  | strengthen your wands. [potion of mutation]
123964 | Zot:3    | Gained mutation: You have a pair of small antennae on your
                  | head. [potion of mutation]
123965 | Zot:3    | Lost mutation: You occasionally shout uncontrollably at
                  | your foes. [potion of mutation]
123965 | Zot:3    | Lost mutation: You are robust. (+10% HP) [potion of
                  | mutation]
123965 | Zot:3    | Lost mutation: Your spells are a little easier to cast, but
                  | a little less powerful. [potion of mutation]
123965 | Zot:3    | Gained mutation: You passively dampen the noise of your
                  | surroundings. [potion of mutation]
123965 | Zot:3    | Lost mutation: Your magical capacity is low. (-10% MP)
                  | [potion of mutation]
123965 | Zot:3    | Gained mutation: You are somewhat resistant to further
                  | mutation. [potion of mutation]
123966 | Zot:3    | Lost mutation: You have a pair of small antennae on your
                  | head. [potion of mutation]
123966 | Zot:3    | Lost mutation: You passively dampen the noise of your
                  | surroundings. [potion of mutation]
123966 | Zot:3    | Lost mutation: You expend magic power (3 MP) to strengthen
                  | your wands. [potion of mutation]
123967 | Zot:3    | Lost mutation: You are somewhat resistant to further
                  | mutation. [potion of mutation]
123967 | Zot:3    | Lost mutation: You are occasionally teleported next to
                  | monsters. [potion of mutation]
123967 | Zot:3    | Lost mutation: You are clumsy. (Dex -2) [potion of
                  | mutation]
123967 | Zot:3    | Gained mutation: Your magical capacity is low. (-10% MP)
                  | [potion of mutation]
123967 | Zot:3    | Gained mutation: You have hidden genetic defects. [potion
                  | of mutation]
123967 | Zot:3    | Gained mutation: You expend magic power (3 MP) to
                  | strengthen your wands. [potion of mutation]
123968 | Zot:3    | Lost mutation: Your magical capacity is low. (-10% MP)
                  | [potion of mutation]
123968 | Zot:3    | Lost mutation: You expend magic power (3 MP) to strengthen
                  | your wands. [potion of mutation]
123968 | Zot:3    | Gained mutation: Your muscles are strong. (Str +4, Int/Dex
                  | -1) [potion of mutation]
123968 | Zot:3    | Gained mutation: You expend magic power (3 MP) to
                  | strengthen your wands. [potion of mutation]
124290 | Zot:4    | Noticed an orb of fire
124314 | Zot:4    | Killed an orb of fire
124502 | Zot:4    | Noticed a curse toe
124694 | Zot:4    | Killed a curse toe
125056 | Zot:5    | Entered Level 5 of the Realm of Zot
125072 | Zot:4    | Learned a level 8 spell: Summon Horrible Things
125077 | Zot:4    | Learned a level 4 spell: Vhi's Electric Charge
125519 | Zot:5    | Noticed an orb of fire
125529 | Zot:5    | Noticed an ancient lich
125613 | Zot:5    | Gained mutation: Your body sometimes deteriorates upon
                  | taking damage. [hidden defects]
125620 | Zot:5    | Noticed an ancient lich
125649 | Zot:5    | Killed an orb of fire
125650 | Zot:5    | Reached skill level 13 in Spellcasting
125788 | Zot:5    | Killed an orb of fire
125854 | Zot:5    | Noticed an orb of fire
125868 | Zot:5    | Killed an orb of fire
125886 | Zot:5    | Noticed an orb of fire
125888 | Zot:5    | Noticed an orb of fire
125892 | Zot:5    | Noticed an electric golem
125897 | Zot:5    | Killed an electric golem
125900 | Zot:5    | Killed an ancient lich
125901 | Zot:5    | Reached skill level 21 in Summonings
125923 | Zot:5    | Identified the amulet of the Lich-sworn {RegenMP Regen+
                  | Dex+3}
125963 | Zot:5    | Noticed an orb of fire
125966 | Zot:5    | Noticed a dread lich
125967 | Zot:5    | Noticed an orb of fire
125968 | Zot:5    | Noticed an orb of fire
125969 | Zot:5    | Noticed an electric golem
125975 | Zot:5    | Killed an electric golem
125977 | Zot:5    | Killed a dread lich
125993 | Zot:5    | Found the +4 dragonskin cloak
125993 | Zot:5    | Noticed Tiamat
125998 | Zot:5    | Killed Tiamat
126009 | Zot:5    | Gained mutation: You occasionally lose the ability to read
                  | scrolls when taking damage. [hidden defects]
126009 | Zot:5    | Lost mutation: You have hidden genetic defects. [hidden
                  | defects expressed]
126014 | Zot:5    | Reached skill level 17 in Evocations
126015 | Zot:5    | Reached skill level 24 in Unarmed Combat
126016 | Zot:5    | Reached skill level 14 in Spellcasting
126747 | Zot:5    | Got the Orb of Zot
127035 | D:15     | Noticed Jiciaha the pandemonium lord
127039 | D:15     | Killed Jiciaha the pandemonium lord
127192 | D:7      | Reached XP level 27. HP: 92/130 MP: 42/42
127369 | D:$      | Escaped with the Orb!

Vanquished Creatures
  the Royal Jelly (Slime:5)
  Dissolution (Slime:2)
  Khufu (Crypt:3)
  4 orbs of fire (Zot:2 Zot:4 Zot:5)
  2 ancient liches (Crypt:3 Zot:5)
  Sojobo (Crypt:2)
  2 royal mummies (Crypt:3)
  3 Killer Klowns (Zot:2)
  Bai Suzhen (Vaults:4)
  A caustic shrike (Depths:2)
  Margery (Vaults:4)
  3 curse toes (Zot:1 Zot:2 Zot:4)
  7 golden dragons (Depths:3 Depths:4 Zot:2 Zot:3 Zot:4)
  Jory (Crypt:2)
  Norris (Vaults:4)
  A mutant beast (WizLab)
  A profane servitor (D:2)
  A bone dragon (Depths:4)
  Jorgrun (Swamp:1)
  2 hellephants (Depths:2)
  15 tentacled monstrosities (Depths:2 Depths:3 Zot:1 Zot:2 Zot:3)
  Rupert (D:15)
  Mlioglotl (Snake:2)
  3 liches (Depths:2 Depths:3 Crypt:3)
  A pandemonium lord (D:15)
  7 Orb Guardians (Zot:5)
  A walking earthen tome (Depths:2)
  Asterion (Depths:1)
  A walking frostbound tome (Depths:4)
  A walking divine tome (Depths:2)
  A deep elf blademaster (Elf:3)
  5 sphinxes (Vaults:1 Vaults:3 Depths:1)
  4 quicksilver dragons (Depths:2 Zot:3 Zot:5)
  23 acid blobs (Slime:2 Slime:4 Slime:5)
  2 deep elf master archers (Elf:3)
  4 ancient champions (Depths:3 Crypt:1 Crypt:2)
  3 thorn hunters (Swamp:4 Swamp:3)
  7 death cobs (Zot:2 Zot:3 Zot:4 Zot:5)
  4 storm dragons (Depths:4 Zot:5)
  Kirke (D:15)
  3 revenants (Crypt:2 Crypt:3)
  8 tengu reavers (D:13 Vaults:3 Depths:1 Depths:2 Depths:4)
  7 rockslimes (Slime:1 Slime:2 Slime:4 Slime:5)
  The ghost of Ylluogh the Protected, an adept GnWn of Ashenzari (Swamp:3)
  10 fire giants (D:13 Depths:1 Depths:2 Depths:3)
  Donald (Snake:2)
  A fenstrider witch (Swamp:3)
  A daeva (Depths:1)
  3 frost giants (D:15 Depths:2 Depths:4)
  4 shadow dragons (Vaults:4 Depths:2 Zot:2)
  Roxanne (Snake:3)
  15 azure jellies (Slime:1 Slime:4 Slime:3 Slime:5)
  3 draconian monks (Zot:2 Zot:4)
  4 nagarajas (Snake:3 Snake:4)
  3 draconian scorchers (Zot:1 Zot:2 Zot:4)
  7 vault wardens (Vaults:2 Vaults:3 Vaults:4)
  4 draconian knights (Zot:1 Zot:2 Zot:3 Zot:4)
  2 caustic shrike zombies (Depths:3 Crypt:3)
  2 imperial myrmidons (Desolation)
  7 deep elf sorcerers (Elf:1 Elf:3 Depths:3)
  3 deep elf elementalists (Elf:3)
  2 draconian stormcallers (Depths:4 Zot:4)
  4 draconian shifters (Zot:2 Zot:5)
  4 ghost moths (Zot:2 Zot:4 Zot:5)
  2 ghouls (Crypt:2)
  2 curse skulls (Crypt:3)
  A juggernaut zombie (Crypt:3)
  14 ironbound preservers (Vaults:1 Vaults:2 Vaults:3 Vaults:4)
  6 reapers (Crypt:3)
  5 spriggan defenders (Depths:2 Depths:4)
  3 orc warlords (Orc:2 Vaults:2 Vaults:4)
  20 very ugly things (WizLab Depths:1 Depths:3 Depths:4)
  8 green draconians (Depths:4 Zot:1 Zot:2 Zot:4 Zot:5)
  15 stone giants (Depths:1 Depths:2 Depths:3 Depths:4)
  A caustic shrike skeleton (Crypt:3)
  2 war gargoyles (Vaults:4)
  5 ironbound thunderhulks (Vaults:1 Vaults:2)
  3 draconian annihilators (Depths:4 Zot:4)
  3 formless jellyfish (Vaults:1 Vaults:3 Slime:5)
  6 eleionomae (Swamp:1 Swamp:2 Swamp:3)
  2 hydra skeletons (Swamp:4 Crypt:3)
  4 quicksilver oozes (Slime:5)
  16 vampire knights (Swamp:4 Depths:2 Depths:3 Depths:4 Crypt:1)
  12 dire elephants (Vaults:1 Vaults:2)
  9 black draconians (Depths:4 Zot:2 Zot:3 Zot:4 Zot:5)
  4 white draconians (Zot:4)
  14 red draconians (Zot:1 Zot:2 Zot:4 Zot:5)
  5 deep elf demonologists (Elf:1 Elf:3)
  12 purple draconians (Depths:4 Zot:1 Zot:2 Zot:3 Zot:4)
  10 deep elf annihilators (Elf:1 Elf:2 Elf:3 Depths:3)
  6 yellow draconians (Depths:4 Zot:2 Zot:3 Zot:5)
  5 spark wasps (Depths:2 Depths:4)
  8 bunyips (Swamp:1 Swamp:2 Swamp:3)
  13 eidola (Crypt:1 Crypt:2 Crypt:3)
  A halazid warlock (Desolation)
  2 blizzard demons (D:7 D:6)
  16 deep elf death magi (Elf:1 Elf:2 Elf:3 Depths:3 Crypt:1)
  10 ettins (D:15 Depths:1 Depths:3 Depths:4)
  A green death (Depths:4)
  4 jiangshi (Crypt:1)
  2 crystal guardians (Desolation)
  A mummy priest (Crypt:3)
  19 yaktaur captains (D:15 Vaults:1 Vaults:2 Vaults:3 Vaults:4)
  Josephine (D:11)
  5 deep elf high priests (Elf:3 Depths:3)
  2 rakshasas (Depths:1)
  2 shambling mangroves (Swamp:4)
  7 ragged hierophants (Desolation)
  13 peacekeepers (Desolation Vaults:3 Vaults:4)
  15 great orbs of eyes (Vaults:1 Vaults:3 Vaults:4 Slime:3 Slime:2)
  4 fire dragons (Depths:3 Depths:4)
  6 vault guards (D:14 Vaults:2 Vaults:4)
  5 ice dragons (Depths:2 Depths:3 Depths:4)
  3 spriggan zombies (Crypt:3)
  2 servants of whispers (Desolation)
  A hell beast (D:1)
  12 boulder beetles (D:11 Lair:1 Lair:5 D:14 D:15)
  A catoblepas (D:15)
  14 hydras (D:14 D:15 Swamp:2 Swamp:4 Swamp:3)
  A spriggan skeleton (Crypt:3)
  A ghost crab (Swamp:4)
  16 centaur warriors (D:13 D:15 Vaults:1 Vaults:2 Vaults:4)
  4 death knights (D:15 Crypt:1 Crypt:2)
  An ogre mage (D:15)
  A death yak (shapeshifter) (WizLab)
  5 spriggan air magi (Swamp:3 Depths:2 Depths:3 Depths:4)
  9 alligators (Swamp:2 Swamp:3 Swamp:4)
  2 two-headed ogres (D:9 D:11)
  33 dancing weapons (Elf:1 Elf:2 Elf:3)
  2 anacondas (Snake:2 Snake:4)
  A two-headed ogre (shapeshifter) (WizLab)
  11 ironbound frosthearts (Vaults:1 Vaults:2 Vaults:3 Vaults:4)
  A fenstrider witch skeleton (Crypt:3)
  6 naga warriors (Snake:1 Snake:2 Snake:3 Snake:4)
  A sphinx skeleton (Vaults:3)
  2 deep troll shamans (Depths:4)
  A titan zombie (Depths:3)
  9 hell hogs (Depths:2)
  A shock serpent (shapeshifter) (WizLab)
  5 deep troll earth magi (D:15 Depths:2 Depths:3 Depths:4)
  2 demonic crawlers (Zot:4 D:1)
  A shock serpent (Snake:4)
  3 vampire magi (Depths:3 Crypt:1 Crypt:2)
  3 thrashing horrors (Lair:5)
  7 tengu warriors (D:13 Depths:3 Depths:4)
  10 hell knights (Vaults:4 Depths:3 Depths:4)
  3 orc high priests (Orc:2)
  4 naga sharpshooters (Snake:2 Snake:4)
  12 spriggan berserkers (Swamp:3 Depths:1 Depths:2 Depths:3 Depths:4)
  2 titan skeletons (Crypt:2 Crypt:3)
  6 skysharks (Lair:2 Lair:4 Lair:5 Vaults:4)
  13 spriggans (Swamp:3 Swamp:4 Depths:1 Depths:3 Depths:4)
  6 soul eaters (Crypt:2 Crypt:3)
  A sun demon (D:15)
  A skyshark (shapeshifter) (Depths:4)
  A bunyip zombie (Crypt:3)
  6 skeletal warriors (Vaults:3 Crypt:1)
  24 deep elf knights (Elf:1 Elf:2 Elf:3)
  3 salamander mystics (Snake:4 Depths:3)
  2 sixfirhies (Zot:2)
  24 deep trolls (Vaults:2 Vaults:4 Depths:2 Depths:4)
  A death drake (shapeshifter) (WizLab)
  4 glowing orange brains (Vaults:3 Depths:1 Slime:5)
  3 goliath frogs (Swamp:1 Swamp:3 Swamp:4)
  A bunyip skeleton (Crypt:3)
  4 spriggan druids (Swamp:3 Swamp:4)
  An anaconda zombie (Crypt:3)
  3 swamp dragons (Swamp:4)
  2 iron trolls (Depths:4)
  7 flayed ghosts (Depths:1 Depths:2 Depths:3 Crypt:1 Crypt:2)
  3 naga ritualists (Snake:4)
  A sea snake (shapeshifter) (WizLab)
  2 orb spiders (shapeshifter) (Elf:3 WizLab)
  8 sea snakes (Snake:2 Snake:1)
  19 lindwurms (Vaults:1 Vaults:2 Vaults:3 Vaults:4)
  An obsidian statue (Zot:5)
  2 spectral hydras (Swamp:4)
  18 deep elf archers (Volcano Elf:1 Elf:2 Elf:3)
  10 orc knights (Orc:1 Orc:2 D:13 D:15 Vaults:2)
  12 phantasmal warriors (Depths:3 Crypt:1 Crypt:2 Crypt:3)
  2 bog bodies (Swamp:1)
  28 deep elf zephyrmancers (D:15 Elf:1 Elf:2 Elf:3)
  18 necromancers (D:15 Depths:3 Depths:4 Crypt:1 Crypt:2)
  8 wizards (Vaults:2 Vaults:3 Depths:3)
  15 ironbound convokers (Desolation Vaults:1 Vaults:2 Vaults:3 Vaults:4)
  A lindwurm (shapeshifter) (WizLab)
  A swamp dragon (shapeshifter) (D:15)
  A harpy (shapeshifter) (D:15)
  A harpy (Vaults:1)
  5 mana vipers (Snake:2 Snake:3 Snake:4)
  2 anaconda skeletons (Crypt:1 Crypt:3)
  5 orc sorcerers (Orc:2 Orc:1)
  A wolf spider (shapeshifter) (Depths:3)
  4 wolf spiders (D:15 Crypt:3)
  32 deep elf pyromancers (Volcano D:15 Elf:1 Elf:2 Elf:3)
  A tengu skeleton (Vaults:3)
  17 cyclopes (D:9 D:11 D:12 Orc:2 D:13)
  6 manticores (D:12 D:11 D:13 D:15)
  44 ugly things (D:12 D:10 D:7 Lair:5 D:14)
  2 will-o-the-wisps (Swamp:3 Swamp:4)
  8 shining eyes (Slime:1 Slime:3 Slime:4 Slime:5)
  A stone giant zombie (Crypt:1)
  A salamander (shapeshifter) (WizLab)
  A manticore (shapeshifter) (Depths:4)
  6 salamanders (Snake:1 Snake:2 Snake:3 Snake:4)
  12 moths of wrath (Zot:1 Zot:2 Zot:3 Zot:4 Zot:5)
  14 elephants (Lair:2 Lair:4 Lair:5)
  4 guardian serpents (Snake:2 Desolation)
  A black mamba (shapeshifter) (WizLab)
  13 vault sentinels (Vaults:2 Vaults:3 Vaults:4)
  2 stone giant skeletons (Vaults:3)
  6 eyes of devastation (Slime:2 Slime:1 Slime:4 Slime:5)
  A smoke demon (Lair:5)
  A torpor snail (Lair:1)
  16 black mambas (Lair:1 Lair:2 Lair:3 Snake:1 Snake:2)
  An alligator snapping turtle zombie (Crypt:3)
  A water nymph (shapeshifter) (Depths:4)
  3 naga magi (Snake:3 Snake:4)
  An elf skeleton (Vaults:3)
  A cane toad (shapeshifter) (D:15)
  A titan simulacrum (Depths:3)
  A dire elephant skeleton (Crypt:2)
  12 cane toads (Lair:1 Lair:2 Lair:3 Lair:4 Lair:5)
  2 kobold demonologists (D:11 D:12)
  2 rime drakes (shapeshifter) (WizLab)
  2 unseen horror zombies (D:9)
  A minotaur zombie (Crypt:1)
  3 rime drakes (Lair:2 Lair:5)
  A yaktaur (shapeshifter) (WizLab)
  28 yaktaurs (D:15 Vaults:2 Vaults:3 Vaults:4)
  5 human skeletons (Vaults:3)
  9 tengu conjurers (D:15 Depths:2 Depths:3)
  4 efreet (D:14 D:15)
  4 freezing wraiths (Crypt:2 Crypt:3)
  2 elves (WizLab)
  A catoblepas skeleton (Crypt:1)
  10 komodo dragons (D:7 Lair:1 Lair:3 Lair:4 Lair:5)
  3 hydra zombies (Swamp:4 Crypt:3)
  A yellow draconian skeleton (Crypt:1)
  A red devil (D:11)
  A guardian mummy (Crypt:3)
  2 meliai (D:15)
  3 harpy zombies (Crypt:3)
  A hornet (shapeshifter) (WizLab)
  2 polar bears (shapeshifter) (D:13 D:15)
  12 hornets (D:15 Swamp:2 Swamp:3 Swamp:4 Depths:1)
  11 tyrant leeches (Swamp:1 Swamp:2 Swamp:3)
  A wind drake (shapeshifter) (WizLab)
  3 meliai (shapeshifter) (WizLab)
  13 hellwings (Crypt:3)
  7 nameless horrors (D:15 Snake:2 Snake:3 Swamp:1 Swamp:2)
  2 yaktaur skeletons (Vaults:3)
  7 trolls (D:9 D:10 D:11)
  3 harpy skeletons (Crypt:2 Crypt:3)
  11 dream sheep (Lair:5)
  43 saltlings (Desolation)
  18 blink frogs (Lair:1 Lair:4 Lair:5)
  2 tarantellas (shapeshifter) (WizLab)
  2 raiju (Lair:5)
  A dream sheep (shapeshifter) (WizLab)
  An ice dragon zombie (Crypt:3)
  141 slime creatures (D:13 D:14 D:15 Vaults:1 Vaults:2)
  3 ettin skeletons (Vaults:3 Crypt:1 Crypt:3)
  A culicivora (shapeshifter) (WizLab)
  4 flying skulls (Crypt:2)
  3 jumping spiders (Crypt:3)
  4 water elementals (D:11 Elf:1 Elf:2)
  2 air elementals (Elf:2)
  2 shadows (D:9)
  52 yaks (D:10 D:11 D:8 Lair:2 Lair:3)
  A spriggan (shapeshifter) (WizLab)
  2 yaks (shapeshifter) (D:15 WizLab)
  2 vampires (D:12 D:14)
  An ice dragon skeleton (Crypt:3)
  A naga simulacrum (Crypt:1)
  19 wraiths (D:10 D:11 Crypt:1 Crypt:2 Crypt:3)
  A wyvern (Lair:3)
  A basilisk (shapeshifter) (WizLab)
  A golden eye (shapeshifter) (D:15)
  9 basilisks (Lair:1 Lair:2 Lair:5 D:14 D:15)
  5 fire elementals (Volcano Elf:1 Elf:2 Elf:3)
  3 hogs (D:15)
  4 humans (WizLab)
  7 golden eyes (Slime:1 Slime:5)
  3 chaos spawn (Lair:5)
  An iron golem (WizLab)
  A redback (shapeshifter) (WizLab)
  3 redbacks (Crypt:3)
  5 wargs (Orc:1 Orc:2)
  8 large abominations (Lair:5 WizLab)
  9 vampire mosquitoes (D:10 D:14 D:15 Swamp:1)
  7 swamp worms (Swamp:1 Swamp:2 Swamp:3 Swamp:4)
  19 nagas (Lair:3 Snake:1 Snake:2 Snake:3 Snake:4)
  2 swamp worms (shapeshifter) (Lair:5 D:14)
  2 acid dragons (D:10 D:11)
  A warg (shapeshifter) (Lair:5)
  15 water moccasins (D:6 D:7 D:9 Lair:1 Lair:2)
  2 naga zombies (Crypt:3)
  5 floating eyes (WizLab Depths:1)
  3 glowing shapeshifter skeletons (Vaults:3)
  6 hell hounds (Volcano)
  2 hydra simulacra (Swamp:4)
  2 floating eyes (shapeshifter) (D:14 WizLab)
  3 swamp drakes (Swamp:1 Swamp:3)
  14 orc warriors (D:7 D:8 D:10 Orc:1 Orc:2)
  The ghost of Shayle the Changeling, an amateur OgSh (D:3)
  4 ice beasts (D:5 D:6 D:8)
  2 sky beasts (D:7)
  2 swamp dragon zombies (Swamp:4)
  5 black bears (D:7 D:8)
  Pargi (Sewer)
  20 small abominations (Lair:5 WizLab D:15)
  36 wolves (Lair:1 Lair:2 Lair:4 Lair:5)
  9 ogres (D:4 D:5 D:7 Orc:1 Orc:2)
  10 boggarts (Vaults:2 Vaults:3)
  5 centaurs (D:5 D:8 D:9 D:13)
  A blink frog skeleton (Crypt:2)
  10 bullfrogs (D:8 D:7 D:9 Lair:1 Lair:2)
  A rime drake skeleton (Crypt:1)
  A gnoll sergeant (D:7)
  3 necrophages (D:9 Crypt:2)
  3 scorpions (D:5 D:8)
  8 wyvern skeletons (Crypt:2 Crypt:3)
  A draconian skeleton (Crypt:1)
  A warg zombie (Crypt:2)
  15 wights (D:8 D:7 D:9)
  An oklob sapling (D:6)
  A raiju zombie (Crypt:1)
  15 killer bees (D:9 D:10 D:11)
  2 raiju skeletons (Crypt:1 Crypt:2)
  6 howler monkeys (D:4 D:8 D:10)
  10 electric eels (D:6 D:11 Lair:1 Snake:2)
  2 centaur zombies (D:9 Crypt:3)
  4 crimson imps (D:13)
  12 orc priests (Orc:1 Orc:2)
  4 jellies (D:4 D:6 D:7)
  2 gnoll boudas (D:5 D:9)
  3 hounds (D:4 D:5 D:6)
  A human zombie (D:9)
  3 iguanas (D:5 D:6)
  Ijyb (D:5)
  17 orc wizards (D:9 D:11 Orc:1 Orc:2)
  A killer bee zombie (D:9)
  5 mummies (D:9 Crypt:3)
  A howler monkey zombie (D:9)
  18 gnolls (D:2 D:5 D:7 D:9)
  10 adders (D:2 D:3 D:5 D:6)
  An ufetubus (D:5)
  3 worms (D:7)
  4 dart slugs (D:1 D:2)
  53 orcs (D:4 D:6 D:7 D:8 D:9)
  9 ball pythons (D:1 Sewer D:4)
  8 bats (D:1 D:2 D:3)
  11 endoplasms (D:1 D:3 D:4)
  3 giant cockroaches (D:3)
  8 goblins (D:1 D:2 D:4)
  3 hobgoblins (D:1 D:4)
  6 jackals (D:2 D:4)
  5 quokkas (D:1 D:3 D:2 D:4)
  A ball python zombie (Crypt:1)
  8 frilled lizards (D:1 Sewer D:2)
  A hobgoblin zombie (Crypt:2)
  10 kobolds (D:1 D:2 D:3 D:4)
  An orc skeleton (Crypt:2)
  4 rats (D:1 D:7)
  A rat zombie (Crypt:2)
  A butterfly (Lair:4)
2244 creatures vanquished.

Vanquished Creatures (collateral kills)
  An orb of fire (Zot:5)
  A dread lich (Zot:5)
  Tiamat (Zot:5)
  3 Killer Klowns (Zot:2 Zot:5)
  A caustic shrike (Depths:2)
  A golden dragon (Zot:3)
  2 electric golems (Zot:5)
  15 Orb Guardians (Zot:5)
  A quicksilver dragon (Zot:5)
  A deep elf blademaster (Elf:3)
  A death cob (Zot:5)
  A shadow dragon (Zot:5)
  A tengu reaver (D:15)
  A fenstrider witch (Swamp:4)
  4 nagarajas (Snake:2 Snake:4)
  3 draconian monks (Zot:3 Zot:5)
  A vault warden (Vaults:3)
  An imperial myrmidon (Desolation)
  4 draconian shifters (Zot:3 Zot:4 Zot:5)
  A draconian stormcaller (Zot:5)
  2 draconian annihilators (Zot:5)
  2 ironbound preservers (Vaults:1 Vaults:2)
  A green draconian (Zot:5)
  2 black draconians (Zot:3 Zot:5)
  3 purple draconians (Zot:2 Zot:3 Zot:5)
  2 yellow draconians (Zot:5)
  3 red draconians (Zot:2 Zot:3 Zot:5)
  4 bunyips (Swamp:1 Swamp:4)
  A white draconian (Zot:5)
  A halazid warlock (Desolation)
  A ragged hierophant (Desolation)
  2 shambling mangroves (Swamp:4)
  A servant of whispers (Desolation)
  A peacekeeper (Desolation)
  2 salamander tyrants (Snake:4)
  A catoblepas (D:15)
  2 dancing weapons (Elf:1 Elf:2)
  A boulder beetle (D:15)
  An alligator (Swamp:3)
  7 anacondas (Snake:2 Snake:3 Snake:4)
  10 naga warriors (Snake:1 Snake:2 Snake:3 Snake:4)
  A deep troll earth mage (D:15)
  A tengu warrior (D:15)
  2 shock serpents (Snake:1 Snake:3)
  3 naga sharpshooters (Snake:4)
  A spriggan berserker (Swamp:3)
  A skyshark (Lair:2)
  3 deep elf knights (D:15 Elf:1 Elf:2)
  A goliath frog (Swamp:1)
  4 naga ritualists (Snake:2 Snake:3 Snake:4)
  A deep troll (Vaults:2)
  A flayed ghost (D:15)
  2 sea snakes (Snake:2)
  3 salamander mystics (Snake:2 Snake:3 Snake:4)
  A swamp dragon (Swamp:4)
  2 bog bodies (Swamp:2 Swamp:3)
  5 spriggan druids (Swamp:3 Swamp:4)
  7 mana vipers (Snake:2 Snake:3)
  A deep elf archer (D:13)
  2 deep elf zephyrmancers (Elf:1 Elf:3)
  5 deep elf pyromancers (Volcano Elf:1)
  3 oklob plants (Swamp:4)
  4 ugly things (D:14 D:15 Vaults:2)
  A moth of wrath (Zot:4)
  A manticore (D:15)
  A will-o-the-wisp (Swamp:2)
  9 salamanders (Snake:2 Snake:3 Snake:4)
  An elephant (Lair:2)
  13 black mambas (Snake:2 Snake:3 Snake:4)
  A vault sentinel (Vaults:1)
  8 naga magi (Snake:2 Snake:3 Snake:4)
  3 guardian serpents (Snake:1 Snake:2 Snake:3)
  A komodo dragon (Lair:2)
  A yaktaur (Vaults:2)
  3 hydra zombies (Swamp:4)
  A death drake zombie (Swamp:4)
  A meliai (shapeshifter) (D:15)
  A bloated husk (Swamp:1)
  A meliai (D:15)
  A polar bear (shapeshifter) (D:15)
  5 tyrant leeches (Swamp:1 Swamp:3)
  4 hornets (Swamp:3 Swamp:4)
  8 saltlings (Desolation)
  A dream sheep (Lair:5)
  5 slime creatures (D:15 Vaults:2 Slime:2)
  A centaur simulacrum (D:15)
  A water elemental (Elf:1)
  5 spriggans (Swamp:2 Swamp:3)
  A wyvern (Lair:2)
  A spriggan (shapeshifter) (D:15)
  5 yaks (Lair:2 Lair:3 Lair:4)
  A basilisk (Lair:5)
  2 vampire mosquitoes (Swamp:1)
  4 swamp worms (Swamp:1 Swamp:2 Swamp:4)
  38 nagas (Snake:1 Snake:2 Snake:3 Snake:4 Lair:3)
  A hell hound (Volcano)
  2 hydra simulacra (Swamp:4)
  A nameless horror (Swamp:4)
  A swamp drake (Swamp:4)
  3 swamp dragon zombies (Swamp:4)
  A butterfly (Swamp:1)
288 creatures vanquished.

Vanquished Creatures (others)
  An orb of fire (Zot:5)
  An ancient lich (Zot:5)
  2 Killer Klowns (Zot:5)
  3 Orb Guardians (Zot:5)
  A draconian monk (Zot:5)
  A draconian scorcher (Zot:5)
  A ghost moth (Zot:5)
  A draconian annihilator (Zot:5)
  A draconian shifter (Zot:5)
  2 green draconians (Zot:5)
  2 purple draconians (Zot:5)
  A red draconian (Zot:5)
  A yellow draconian (Zot:5)
  A dancing weapon (Elf:1)
  2 centaur warriors (Vaults:2)
  2 deep trolls (Vaults:2)
  An ironbound convoker (Desolation)
  A deep elf zephyrmancer (Elf:3)
  An ugly thing (Vaults:2)
  A moth of wrath (Zot:5)
  A guardian serpent (Snake:4)
  A yaktaur (Vaults:2)
  A bloated husk (Swamp:4)
  A saltling (Desolation)
  A raiju (Lair:5)
  3 humans (D:15)
  An ogre (Orc:2)
  An orc wizard (Orc:1)
  20 foxfires (Swamp:2 Swamp:3 Swamp:4)
57 creatures vanquished.

Grand Total: 2589 creatures vanquished

Table legend: (Time is in decaauts)
 A = Elapsed time spent in this place.
 B = Non-inter-level travel time spent in this place.
 C = Inter-level travel time spent in this place.
 D = Time resting spent in this place.
 E = Time spent auto-exploring this place.
 F = Levels seen in this place.
 G = Mean time per level.
                   A        B        C        D        E       F      G
               +--------+--------+--------+--------+--------+-----+--------+
         Total | 123350 | 111226 |  12124 |  39282 |  43011 |  59 | 2090.7 |
       Dungeon |  29457 |  24324 |   5133 |   8713 |   8669 |  15 | 1963.8 |
        Temple |     80 |     80 |      0 |     79 |      0 |   1 |   80.0 |
          Lair |  11028 |   9485 |   1543 |   2230 |   5060 |   5 | 2205.6 |
         Swamp |  11111 |  10672 |    439 |   6256 |   2058 |   4 | 2777.8 |
     Snake Pit |  11587 |  10923 |    664 |   4944 |   3055 |   4 | 2896.8 |
    Slime Pits |   8481 |   8009 |    472 |   3194 |   2386 |   5 | 1696.2 |
  Orcish Mines |   3721 |   3157 |    564 |   1237 |   1298 |   2 | 1860.5 |
   Elven Halls |   8623 |   8004 |    619 |   2604 |   3481 |   3 | 2874.3 |
        Vaults |  11540 |  10527 |   1013 |   2890 |   5861 |   4 | 2885.0 |
         Crypt |   5294 |   4881 |    413 |    679 |   3066 |   3 | 1764.7 |
        Depths |   9300 |   8659 |    641 |   2618 |   4552 |   4 | 2325.0 |
           Zot |   7045 |   6426 |    619 |   1464 |   3071 |   5 | 1409.0 |
         Sewer |    292 |    292 |      0 |     25 |     76 |   1 |  292.0 |
       Volcano |    317 |    317 |      0 |    132 |     15 |   1 |  317.0 |
        Wizlab |   2837 |   2837 |      0 |   1119 |      0 |   1 | 2837.0 |
    Desolation |   2630 |   2630 |      0 |   1093 |    358 |   1 | 2630.0 |
               +--------+--------+--------+--------+--------+-----+--------+

Top non-repeatable levels by time:
    D:15: 7522 daAuts
 Swamp:3: 4785 daAuts
Vaults:3: 3603 daAuts
 Snake:2: 3576 daAuts
Depths:3: 3477 daAuts
   Elf:2: 3148 daAuts
 Swamp:4: 3074 daAuts
    D:14: 2937 daAuts
 Snake:4: 2928 daAuts
 Crypt:3: 2888 daAuts
   Elf:1: 2847 daAuts
  Lair:5: 2846 daAuts
  WizLab: 2837 daAuts
Vaults:4: 2782 daAuts
Vaults:2: 2765 daAuts

Table legend:
 A = Non-vault XP
 B = Vault XP
 C = Vault XP percentage of total XP
 D = Non-vault monster count
 E = Vault monster count
 F = Vault count percentage of total count
                 A         B        C        D         E       F
            +---------+---------+-------+---------+---------+-------
      Total |  741352 |  750458 |  50.3 |    1449 |    1049 |  42.0
            +---------+---------+-------+---------+---------+-------
        D:1 |      53 |       3 |   5.4 |      28 |       2 |   6.7
        D:2 |     175 |       0 |   0.0 |      26 |       0 |   0.0
        D:3 |      26 |     152 |  85.4 |       8 |       5 |  38.5
        D:4 |     301 |       0 |   0.0 |      23 |       0 |   0.0
        D:5 |     796 |     243 |  23.4 |      10 |       7 |  41.2
        D:6 |     566 |      64 |  10.2 |      15 |       1 |   6.2
        D:7 |    2020 |     477 |  19.1 |      21 |       7 |  25.0
        D:8 |    2009 |     553 |  21.6 |      23 |       5 |  17.9
        D:9 |    3241 |    1230 |  27.5 |      26 |      12 |  31.6
       D:10 |    4354 |     426 |   8.9 |      32 |       2 |   5.9
       D:11 |    3984 |    3174 |  44.3 |      21 |       7 |  25.0
       D:12 |    3261 |       0 |   0.0 |       7 |       0 |   0.0
       D:13 |    5935 |    5560 |  48.4 |      13 |      10 |  43.5
       D:14 |    6543 |     878 |  11.8 |      17 |       1 |   5.6
       D:15 |       0 |   54229 | 100.0 |       0 |      93 | 100.0
     Lair:1 |    5480 |     600 |   9.9 |      24 |       5 |  17.2
     Lair:2 |   10506 |     753 |   6.7 |      39 |       1 |   2.5
     Lair:3 |    5838 |     473 |   7.5 |      21 |       3 |  12.5
     Lair:4 |   10114 |       0 |   0.0 |      44 |       0 |   0.0
     Lair:5 |   12408 |   11017 |  47.0 |      41 |      41 |  50.0
    Swamp:1 |    9659 |    4926 |  33.8 |      23 |       4 |  14.8
    Swamp:2 |    7846 |       0 |   0.0 |      16 |       0 |   0.0
    Swamp:3 |   18027 |   16603 |  47.9 |      31 |      24 |  43.6
    Swamp:4 |   12683 |   24070 |  65.5 |      20 |      42 |  67.7
    Snake:1 |    7488 |       0 |   0.0 |      14 |       0 |   0.0
    Snake:2 |   30317 |    7330 |  19.5 |      63 |      12 |  16.0
    Snake:3 |   16683 |    1316 |   7.3 |      32 |       1 |   3.0
    Snake:4 |   24958 |   14454 |  36.7 |      48 |      26 |  35.1
    Slime:1 |    9182 |       0 |   0.0 |      24 |       0 |   0.0
    Slime:2 |    9443 |    6641 |  41.3 |      18 |       1 |   5.3
    Slime:3 |   12543 |       0 |   0.0 |      31 |       0 |   0.0
    Slime:4 |   12640 |     913 |   6.7 |      33 |       4 |  10.8
    Slime:5 |   12701 |   35116 |  73.4 |      27 |      27 |  50.0
      Orc:1 |    2280 |     266 |  10.4 |      19 |       2 |   9.5
      Orc:2 |    3038 |    7938 |  72.3 |      35 |      23 |  39.7
      Elf:1 |   16992 |   18566 |  52.2 |      25 |      27 |  51.9
      Elf:2 |   25335 |   25920 |  50.6 |      41 |      34 |  45.3
      Elf:3 |   17048 |   32745 |  65.8 |      25 |      31 |  55.4
   Vaults:1 |   10108 |   20768 |  67.3 |      13 |      24 |  64.9
   Vaults:2 |   36697 |   20419 |  35.8 |      64 |      29 |  31.2
   Vaults:3 |   17721 |   34726 |  66.2 |      38 |      49 |  56.3
   Vaults:4 |   27408 |   23608 |  46.3 |      40 |      24 |  37.5
    Crypt:1 |   25620 |       0 |   0.0 |      41 |       0 |   0.0
    Crypt:2 |   23851 |    8901 |  27.2 |      42 |       4 |   8.7
    Crypt:3 |       0 |   78171 | 100.0 |       0 |     114 | 100.0
   Depths:1 |   20657 |    3193 |  13.4 |      25 |       3 |  10.7
   Depths:2 |   18479 |   33735 |  64.6 |      21 |      25 |  54.3
   Depths:3 |   31818 |   42531 |  57.2 |      34 |      47 |  58.0
   Depths:4 |   47178 |   17125 |  26.6 |      53 |      15 |  22.1
      Zot:1 |   14667 |       0 |   0.0 |      11 |       0 |   0.0
      Zot:2 |   31384 |   28496 |  47.6 |      21 |      20 |  48.8
      Zot:3 |   32275 |       0 |   0.0 |      24 |       0 |   0.0
      Zot:4 |   48544 |       0 |   0.0 |      33 |       0 |   0.0
      Zot:5 |   28472 |   77312 |  73.1 |      25 |      44 |  63.8
      Sewer |       0 |     135 | 100.0 |       0 |       9 | 100.0
    Volcano |       0 |    5957 | 100.0 |       0 |      16 | 100.0
     WizLab |       0 |   35414 | 100.0 |       0 |      80 | 100.0
 Desolation |       0 |   43331 | 100.0 |       0 |      86 | 100.0
            +---------+---------+-------+---------+---------+-------
